Workbook
Name Aktenvernichter: #REF!
Name Aktenvernichter??: #REF!
Name Altenvernichter: #REF!
Name Art: #REF!
Name Ausstattung: #REF!
Name Belag: #REF!
Name Bet: #REF!
Name Desinfektion: #REF!
Name Fenster: #REF!
Name Fläche: #REF!
Name Fli: #REF!
Name Fliesen: #REF!
Name Garderobe: #REF!
Name Geländer: #REF!
Name Gruppe: #REF!
Name Gum: '[1]Raumverzeichnis U'!$BO$10:$BO$250
Name Gummi: #REF!
Name Holz: #REF!
Name Kleiderkammer: #REF!
Name Kork: #REF!
Name Lin: #REF!
Name LV: #REF!
Name LVS_AUFTRAGGEBER: '[2]LB Laborküchen'!$F$1
Name LVS_DATUM: '[2]LB Laborküchen'!$I$97
Name Met: '[1]Raumverzeichnis U'!$BR$10:$BR$15
Name Metall: #REF!
Name Nof: '[1]Raumverzeichnis U'!$BQ$10:$BQ$250
Name Nop: '[1]Raumverzeichnis U'!$BP$10:$BP$250
Name NopFliesen: #REF!
Name NoppenPVC: #REF!
Name Papier: #REF!
Name Papierkorb: #REF!
Name Par: #REF!
Name Reinigungsgruppen: [3]Daten!$A$1:$C$100
Name Schränke: #REF!
Name Seife: #REF!
Name Spiegel: #REF!
Name Stühle: #REF!
Name Suchwert: #REF!
Name Ter: #REF!
Name Termini: #REF!
Name Tex: #REF!
Name Tische: #REF!
Name Trennwände: #REF!
Name Turnus: #REF!
Name VAR_DATUM: #REF!
Name VAR_KUNDE: #REF!
Name Wandschutz: #REF!
Name Waschbecken: #REF!
Name WC: #REF!

Sheet Vergabegrunddaten
A1: Stand: | B1: =TODAY() -> 46292
A2: Angaben zu dem Bieter | L2: Angaben zu dem Auftraggeber
A4: Bezeichnung des Unternehmens: | L4: Bezeichnung des Auftraggebers | O4: Allwetterbad der Stadt Monheim am Rhein GmbH
A5: Straße mit Nr.: | L5: Straße mit Nr.: | O5: Heinestraße 3
A6: PLZ mit Ort: | L6: PLZ mit Ort: | O6: 40789 Monheim am Rhein
A7: Ansprechperson: | L7: Ansprechperson: | O7: Frau Sandra Groos / Herr Michael Kowalski
A8: Funktion der Ansprechperson: | L8: Funktion der Ansprechperson: | O8: Objektbesichtigungen
A9: Rufnummer: | L9: Rufnummer: | O9: 2173938933
A10: E-Mail: | L10: E-Mail: | O10: post@monamare.de
A11: Website:

Sheet Angebotszusammenfassung
A1: Angebotszusammenfassung Mona Mare
A4: Leistungsart | B4: Los | C4: Objekt | D4: Preis je Jahr | E4: Produktivstunden je Jahr
A5: ='Los 1.1 UR'!C1 -> UR | B5: =Objektinformationen!A5 -> 1.1 | C5: =Objektinformationen!B5 -> Mona Mare | D5: ='Los 1.1 UR'!C7 -> 0 | E5: ='Los 1.1 UR'!C5 -> 0
A6: Summe Los 1.1 | D6: =_xlfn.AGGREGATE(9, 6, D5:D5) -> 0 | E6: =_xlfn.AGGREGATE(9, 6, E5:E5) -> 0
A8: Leistungsart | B8: Los | C8: Leistungsart | D8: Preis 2027 | E8: Preis 2028 | F8: Preis 2029 | G8: Preis 2030 | H8: Preis 2031
A9: VR | B9: =Objektinformationen!A6 -> 1.2 | C9: Vertretungsreinigung | D9: ='Los 1.2 VR'!M7 -> 0 | E9: ='Los 1.2 VR'!P7 -> 0 | F9: ='Los 1.2 VR'!S7 -> 0 | G9: ='Los 1.2 VR'!V7 -> 0 | H9: ='Los 1.2 VR'!Y7 -> 0
A10: Zwischensummen Los 1.2 VR | D10: =SUM(D9:H9) -> 0
A11: Gesamtsumme Los 1 | D11: =D6+D10 -> 0

Sheet LV Freizeitbad
A1: Leistungsverzeichnis Unterhaltsreinigung Mona Mare | D1: Außenflächen | E1: Aufenthalt, Ruhebereich | F1: Aufzug | G1: Flure, Verkehrsfläche | H1: Funktionsraum | I1: Restaurant | J1: Sanitärbereich, Umkleiden, Wickelraum | K1: Sauna
A2: Ausstattungsmerkmale | B2: Leistung | C2: Gewichtung der Attribute gem. DIN EN 13549 in % | D2: A | E2: B | F2: C | G2: E | H2: F | I2: G | J2: H | K2: I
A3: Bodenflächen
A4: Bodenflächen, Schmutzfangmatten, Sauberlaufzonen, Schmutzfangroste | B4: nicht textil: Entfernen haftender und nicht haftender Verunreinigungen | C4: 25 | D4: H
B5: nicht-textil: Pflegefilm / Oberflächensschutzsystem aufrechterhalten | E5: H | F5: H | G5: H | H5: H
B6: textil: Entfernen haftender und nicht haftender Verunreinigungen. Flor aufstellen | D6: H | E6: H | G6: H | H6: H | I6: H | J6: H | K6: H
B7: Fußbodenentwässerung vollständig reinigen, wässern | D7: H | E7: H | G7: H | H7: H | I7: H | J7: H | K7: H
A8: Einrichtungs- und Ausstattungsgegenstände
A9: Bestuhlung, Sitzgruppen, Polstermöbel, Hocker, Sitzbänke | B9: Auf- oder Abstuhlen | C9: 10 | E9: H | G9: H | H9: H | I9: H | J9: H | K9: H
B10: Auf- und Abstuhlen | E10: H | G10: H | H10: H | I10: H | J10: H | K10: H
B11: Polsteroberflächen: Entfernen von haftenden und nicht haftenden Verunreinigungen | E11: 1w | H11: 1w | I11: 1w | J11: 1w
B12: Ganzflächig entfernen haftender und nicht haftender Verunreinigungen | E12: H | G12: H | H12: H | I12: H | J12: H | K12: H
A13: Tische, Tresen, Ablagen, Theken | B13: Freigeräumte Oberflächen: Entfernen haftender und nicht haftender Verunreinigungen | E13: H | G13: H | H13: H | I13: H | J13: H | K13: H
B14: Tischbeine und Tischunterseiten: Entfernen haftender und nicht haftender Verunreinigungen | E14: 1w | G14: 1w | H14: 1w | I14: 1w | J14: H | K14: H
A15: Schränke, Spinde, Garderoben, Regale | B15: Frontflächen: Entfernen von haftenden und nicht haftenden Verunreinigungen | D15: H | E15: H | G15: H | H15: H | J15: H | K15: H
B16: Außen in voller Höhe inkl. Oberseiten: Entfernen haftender und nicht haftender Verunreinigungen | D16: 1w | E16: 1w | G16: 1w | H16: 1w | I16: 1w | J16: 1w | K16: 1w
B17: Innen, wenn ausgeräumt: Entfernen haftender und nicht haftender Verunreinigungen | D17: H | E17: H | G17: H | H17: H | I17: H | J17: H | K17: H
A18: Kleiderhaken, Garderobenständer, Schirmständer | B18: Entfernen haftender und nicht haftender Verunreinigungen | D18: 1w | E18: 1w | G18: 1w | H18: 1w | I18: 1w | J18: 1w | K18: 1w
A19: Rollcontainer, Sideboards | B19: Frontflächen: Entfernen von haftenden und nicht haftenden Verunreinigungen
B20: Freigeräumte Oberseiten: Entfernen haftender und nicht haftender Verunreinigungen | E20: H | G20: H | H20: H | I20: H | J20: H | K20: H
B21: Außen ganzflächig: Entfernen haftender und nicht haftender Verunreinigungen | E21: 1w | G21: 1w | H21: 1w | I21: H | J21: H | K21: H
A22: Schaukästen, Vitrinen | B22: Frontflächen: Entfernen von haftenden und nicht haftenden Verunreinigungen | D22: H | E22: H | G22: H | H22: H | I22: H | J22: H | K22: H
B23: Ganzflächig: Entfernen haftender und nicht haftender Verunreinigungen | D23: 3,5w | E23: 3,5w | G23: 3,5w | H23: 3,5w | I23: 3,5w | J23: 3,5w | K23: 3,5w
A24: Abfallbehälter, Papierkörbe | B24: Entleeren und mit neuem Plastikbeutel bestücken (In Papierkörbe keine Beutel!) | D24: H | E24: H | G24: H | H24: H | I24: H | J24: H | K24: H
B25: Getrennte Deponierung an zentraler Sammelstelle (Abfallbehälter) | D25: H | E25: H | G25: H | H25: H | I25: H | J25: H | K25: H
B26: Innen und außen: Entfernen haftender und nicht haftender Verunreinigungen | D26: H | E26: H | G26: H | H26: H | I26: H | J26: H | K26: H
A27: Betten, Ruhemöbel, Sanitätsliegen | B27: Oberflächen: Entfernen haftender und nicht haftender Verunreinigungen | D27: H | E27: H | G27: H | H27: H | I27: H | J27: H | K27: H
B28: Ganzflächig: Entfernen von haftenden und nicht haftenden Verunreinigungen | E28: 3,5w | G28: 3,5w | I28: 3,5w | J28: 3,5w | K28: 3,5w
A29: Telefone, Tisch- und Stehleuchten | B29: Entfernen haftender und nicht haftender Verunreinigungen | E29: 1w | G29: 1w | H29: 1w | I29: 1w | J29: 1w
A30: EDV-Geräte: Monitore, Tastaturen, Kopierer, Multifunktionsgeräte, etc. | B30: Entfernen von lose aufliegenden Verunreinigungen | E30: 1w | G30: 1w | H30: 1w | I30: 1w
A31: Aufsteller, Bedienterminals, Spendersysteme, Werbeträger | B31: Entfernen haftender und nicht haftender Verunreinigungen | D31: 1w | E31: 1w | G31: 1w | H31: 1w | I31: 1w | J31: 1w
A32: Defibrillatoren, Erste-Hilfe-Koffer, Feuerlöscher | B32: Entfernen haftender und nicht haftender Verunreinigungen | D32: 1w | E32: 1w | G32: 1w | H32: 1w | I32: 1w | J32: 1w
A33: Hinweisschilder, glasgeschützte Bilder, Wandobjekte | B33: Entfernen haftender und nicht haftender Verunreinigungen | D33: 1w | E33: 1w | G33: 1w | H33: 1w | I33: 1w | J33: 1w
A34: Pflanzgefäße | B34: Entfernen haftender und nicht haftender Verunreinigungen | D34: 3,5w | E34: 3,5w | G34: 3,5w | H34: 3,5w | I34: 3,5w
A35: Wandfliesen | B35: Ganzflächig: Entfernen haftender und nicht haftender Verunreinigungen mit Flächendesinfektion | D35: H | E35: H | G35: H | H35: H | I35: H | J35: H | K35: H
A36: Ein- und anbauten
A37: Türanlagen, Zargen, Bedienungselemente und Beschläge | B37: Entfernen von haftenden und nicht haftenden Verunreinigungen im Kontaktbereich | C37: 10 | D37: H
B38: Ganzflächig: Entfernen haftender und nicht haftender Verunreinigungen | D38: 3,5w
A39: Glastüren und Glastrennwände | B39: Entfernen von haftenden und nicht haftenden Verunreinigungen im Kontaktbereich | D39: H
B40: Ganzflächig: Entfernen haftender und nicht haftender Verunreinigungen | D40: 3,5w
A41: Lichtschalter, Steckdosen, Wand- und Deckenbeleuchtung | B41: Lichtschalter: Entfernen von haftenden und nicht haftenden Verunreinigungen | D41: H | E41: H | G41: H | H41: H | I41: H | J41: H | K41: H
B42: Steckdosen, Leuchten: Entfernen von haftenden und nicht haftenden Verunreinigungen | D42: 1w | E42: 1w | G42: 1w | H42: 1w | I42: 1w | J42: 1w | K42: 1w
A43: Fensterbank, Brüstungsflächen, Kabel- und Installationskanäle | B43: Entfernen haftender und nicht haftender Verunreinigungen | D43: 1w | E43: 3,5w | G43: 3,5w | H43: 1w | I43: 3,5w | J43: H
A44: Heiz- und Wärmeabgabeelemente mit Regel- und Bedieneinrichtungen | B44: Entfernen haftender und nicht haftender Verunreinigungen | D44: 3,5w | E44: H | G44: H | H44: H | I44: H | J44: H | K44: H
A45: Sockel- und Abschlussleisten, Führungs- und Laufschienen | B45: Entfernen haftender und nicht haftender Verunreinigungen | E45: 1w | G45: 1w | H45: 1w | I45: 1w | J45: 1w | K45: 1w
A46: Lüftungsauslässe | B46: Entfernen haftender und nicht haftender Verunreinigungen | E46: 1w | G46: 1w | H46: 1w | I46: 1w | J46: 1w | K46: 1w
A47: Wand-, Decken-, Trennwand- und Verkleidungsflächen | B47: Entfernen von anhängenden Verunreinigungen (bspw. Spinnenweben) | D47: H | E47: H | G47: H | H47: H | I47: H | J47: H | K47: H
B48: Entfernen von haftenden und nicht haftenden Verunreinigungen im Kontaktbereich | E48: H | G48: H | H48: H | I48: H | J48: H | K48: H
B49: Ganzflächig: Entfernen haftender und nicht haftender Verunreinigungen mit Flächendesinfektion | E49: 1w | G49: 1w | H49: 1w | I49: H | J49: H | K49: H
A50: Geländer- und Handlaufbereiche einschließlich seitlicher Sicherungselemente | B50: Handläufe: Entfernen haftender und nicht haftender Verunreinigungen mit Flächendesinfektion | D50: H | G50: H
B51: Ganzflächig: Entfernen haftender und nicht haftender Verunreinigungen | D51: 1w
A52: Aufzugsanlage mit Kabinen-, Tür- und Bedienbereiche, Führungsschienen | B52: Entfernen haftender und nicht haftender Verunreinigungen | F52: H
A53: Sanitärausstattung
A54: Wasch- und Ausgussbereiche mit zugehörigen Armaturen | B54: Entfernen haftender und nicht haftender Verunreinigungen | C54: 25 | D54: H | E54: H | G54: H | H54: H | J54: H | K54: H
A55: Spiegel mit Ablage und Leuchte | B55: Entfernen haftender und nicht haftender Verunreinigungen | D55: H | E55: H | G55: H | H55: H | J55: H | K55: H
A56: Spender- und Entsorgungssysteme | B56: Verbrauchsmaterialien auffüllen und mit Abfallbeutel bestücken | D56: H | E56: H | G56: H | H56: H | J56: H | K56: H
B57: Entfernen haftender und nicht haftender Verunreinigungen | D57: H | E57: H | G57: H | H57: H | J57: H | K57: H
A58: elektr. Händetrockner / Haartrockner und sonstiger vergleichbarer Geräte, Wickelflächen | B58: Entfernen haftender und nicht haftender Verunreinigungen | D58: H | E58: H | G58: H | H58: H | J58: H | K58: H
A59: Sitz- und Stehkeramiken mit Deckel, Auf- und Einlagen | B59: Entfernen haftender und nicht haftender Verunreinigungen | D59: H | E59: H | G59: H | H59: H | J59: H | K59: H
A60: WC-Bürste einschließlich Halterung | B60: Entfernen haftender und nicht haftender Verunreinigungen | D60: H | E60: H | G60: H | H60: H | J60: H | K60: H
B61: Bürsten austauschen / ersetzen wenn defekt oder nicht vorhanden | D61: H | E61: H | G61: H | H61: H | J61: H | K61: H
A62: Duschwände, Duschflächen und Wannenbereiche | B62: Entfernen haftender und nicht haftender Verunreinigungen | D62: H | E62: H | G62: H | H62: H | J62: H | K62: H
A63: Wandfliesen, Trennwände, Schamwände,Verglasungen | B63: Oberflächen im Spritzbereich: Entfernen haftender und nicht haftender Verunreinigungen | D63: H | E63: H | G63: H | H63: H | J63: H | K63: H
B64: Ganzflächig: Entfernen haftender und nicht haftender Verunreinigungen | D64: H | E64: H | G64: H | H64: H | J64: H | K64: H
A65: WC-Türen, Haltegriffe, Türgriffe und -beschläge | B65: Entfernen von haftenden und nicht haftenden Verunreinigungen | D65: H | E65: H | G65: H | H65: H | J65: H | K65: H
A66: Ausstattungsübergreifend | B66: Ganzflächig: Flächendesinfektion | D66: H | E66: H | G66: H | H66: H | J66: H | K66: H
A67: Einrichtungs- und Ausstattungsgegenstände in Aufenthalts-, Verpflegungs- und Küchenbereichen
A68: Kücheninventar einschl. Geräte-, Schrank- und Ausstattungselemente | B68: Außen: Entfernen haftender und nicht haftender Verunreinigungen nach HACCP | C68: 20 | E68: H | I68: H
A69: Arbeitsflächen, Armaturen, Spülen | B69: Entfernen haftender und nicht haftender Verunreinigungen nach HACCP | E69: H | I69: H
A70: Speiseausgaben und -präsentationsmöbel | B70: Oberflächen: Entfernen haftender und nicht haftender Verunreinigungen nach HACCP | E70: H | I70: H
A71: abwaschbare Wände, Ablagen, Wandfliesen | B71: im Arbeitsbereich: Entfernen haftender und nicht haftender Verschmutzungen nach HACCP | E71: H | I71: H
B72: ganzflächig: Entfernen haftender und nicht haftender Verunreinigungen nach HACCP | E72: H | I72: H
A73: Sonstige Einrichtungsgegenstände
A74: Startblöcke, Sprungbretter und Wärmebänke | B74: Ganzflächig: Entfernen haftender und nicht haftender Verunreinigungen | C74: 10 | D74: H | G74: H | J74: H
B75: Ganzflächig: Flächendesinfektion | D75: H | G75: H | J75: H
A76: Sonstige Leistungen | B76: Ersichtliche Schäden an den Standortverantwortlichen melden | D76: H
B77: Nach erbrachter Leistung Fenster und Türen schließen, Licht ausschalten | D77: H
A79: Bemerkungen
A80: Die Abfalltrennung erfolgt in bis zu vier Fraktionen (Papier / grüner Punkt / Restmüll / Biomüll). Die Gestellung der Müllbeutel erfolgt durch den Auftragnehmer.
A81: Die Gestellung von Handwaschseife, Desinfektionsmittel, Handtuchpapier, Handtuchrollen, Hygienebeuteln, WC-Papier und WC-Bürsten erfolgt durch den Auftraggeber.
A83: Legende
A84: H: Die Reinigung erfolgt gemäß dem im Preisblatt angegebenen Hauptintervall
A85: 1w: Die Reinigung erfolgt 1 x wöchentlich
A86: 2w: Die Reinigung erfolgt 2 x wöchentlich
A87: 2,5w: Die Reinigung erfolgt 2,5 x wöchentlich
A88: 3w: Die Reinigung erfolgt 3 x wöchentlich
A89: 5w: Die Reinigung erfolgt 5 x wöchentlich
A90: 6w: Die Reinigung erfolgt 6 x wöchentlich
A91: 7w: Die Reinigung erfolgt 7 x wöchentlich
... A97: 6j: Die Reinigung erfolgt 6 x jährlich

Sheet Raumgruppen
A1: Raumgruppen Mona Mare
A3: Bezeichnung | B3: Enthaltene Raumarten (Bezeichnungen) | C3: RG | D3: Reinigungs- klasse
A4: Büroraum | B4: Büro, Verwaltung, Dienstzimmer, Sekretariat, Regie | C4: C | D4: 0.95
A5: Besprechungsraum | B5: Besprechung, Konferenz | C5: C | D5: 0.95
A6: Funktionsraum | B6: Kasse, Shop, Massage | C6: D | D6: 0.95
A7: Verkehrsfläche | B7: Flur, Eingang, Empfang, Notausgang, Garderobe, Foyer, Windfang, Vorraum | C7: E | D7: 0.95
A8: Treppenhaus | B8: Treppen, Podest, Treppenhaus, Stufen | C8: E | D8: 0.95
A9: repr. Verkehrsfläche | B9: Ausstellung, Stellfläche, Foyer | C9: E | D9: 0.95
A10: Aufenthaltsraum | B10: Aufenthalt, | C10: F | D10: 0.95
A11: Sanitärbereich | B11: WC, Dusche, Waschraum, Toiletten, Sanitäranlage | C11: G | D11: 0.95
A12: Umkleideraum | B12: Umkleide, Einzelumkleide, Sammelumkleide, Lehrer | C12: G | D12: 0.95
A13: Speiseraum | B13: Café, Speiseraum, Cafeteria, Kiosk, Bistro, Lounge | C13: I1 | D13: 0.95
A14: Sozialraum | B14: Aufenthaltsraum, Teeküche, Sanitätsraum, Erste-Hilfe, Personal, | C14: I2 | D14: 0.95
A15: Küche | B15: Küche, Vorratsraum, Spülen | C15: J1 | D15: 0.95
... A21: Reinigungsmittelraum | B21: Reinigungsmittel, PuMi | C21: P | D21: 0.95

Sheet Objektinformationen
A1: Objektinformationen Allwetterbad der Stadt Monheim am Rhein GmbH
A3: Los | B3: Objektbezeichnung | C3: Adresse | D3: PLZ | E3: Bodenfläche in m² | F3: Produktivstunden Mindestvorgabe je Jahr | H3: Reinigungsrahmenzeit Unterhaltsreinigung
A5: 1.1 | B5: Mona Mare | C5: Kurt-Schumacher-Straße 2 | D5: 40789 | E5: 6280.34 | F5: 6100 | H5: Montag - Sonntag 05:00 - 09:00 Uhr
A6: 1.2 | B6: Mona Mare | C6: Kurt-Schumacher-Straße 2 | D6: 40789 | H6: Montag - Sonntag 05:00 - 09:00 Uhr

Sheet Jahresfaktoren
A1: Jahresfaktoren Mona Mare 2027–2031
A3: Berechnungsgrundlage: Für den Innenbereich werden ausschließlich folgende Schließzeiten berücksichtigt: Altweiber / Weiberfastnacht, Rosenmontag, 1. Weihnachtsfeiertag sowie zwei Wochen Revision zu Beginn des Dezembers. Für die Revision wird wie in der Vorlage der Zeitraum 01.12. bis einschließlich 14.12. angesetzt. Der Außenbereich wird jährlich vom 01.05. bis einschließlich 31.08. kalkuliert. Die bisherigen Gesamt-Jahresfaktoren bleiben als Kontrollsumme erhalten, werden jedoch in Regeltage, Sonntage, übrige gesetzliche Feiertage und hohe Feiertage aufgeteilt. Jahresfaktor je Tagart = Anzahl Tage × Reinigungsintervall pro Woche / 7.
A7: Tarifliche Zuschlagslogik – Gebäudereinigung (gewerbliche Beschäftigte)
A8: Zuschlagsart | B8: Zeitraum / Tage | C8: Zuschlag | D8: Behandlung in dieser Datei | E8: Hinweis
A9: Nachtarbeit | B9: 22:00–05:00 Uhr | C9: 30 % | D9: kein eigener Jahresfaktor | E9: Mangels Zeitvorgabe in der Vorlage nicht quantifizierbar.
A10: Sonntage / Feiertage | B10: 00:00–24:00 Uhr | C10: 80 % | D10: eigener Jahresfaktor | E10: Sonntage und übrige gesetzliche Feiertage werden getrennt ausgewiesen.
A11: Hohe Feiertage | B11: Neujahr, 1. Mai, 1. und 2. Weihnachtsfeiertag | C11: 200 % | D11: eigener Jahresfaktor | E11: Der 1. Weihnachtsfeiertag ist Schließtag und wird daher nicht kalkuliert.
A13: Kalkulationsparameter
A14: Parameter | B14: Ansatz | C14: Tage / Wert | E14: Reinigungsintervall | F14: pro Woche
A15: Altweiber / Weiberfastnacht | B15: 1 Schließtag | C15: 1 | E15: 1 x wöchentlich | F15: 1
A16: Rosenmontag | B16: 1 Schließtag | C16: 1 | E16: 3,5 x wöchentlich | F16: 3.5
A17: Revision | B17: 01.12.–14.12. | C17: 14 | E17: 6 x wöchentlich | F17: 6
A18: 1. Weihnachtsfeiertag | B18: 25.12. | C18: 1 | E18: 7 x wöchentlich | F18: 7
A19: Außenbereich Saison | B19: 01.05.–31.08. | C19: 123
A21: Gesetzliche Feiertage Nordrhein-Westfalen 2027–2031 und Behandlung
A22: Feiertag | B22: Einordnung | C22: 2027 | D22: 2028 | E22: 2029 | F22: 2030 | G22: 2031 | H22: Kalkulatorische Behandlung
A23: Neujahr | B23: Hoher Feiertag 200 % | C23: 01.01.2027 | D23: 01.01.2028 | E23: 01.01.2029 | F23: 01.01.2030 | G23: 01.01.2031 | H23: separater Feiertagsfaktor
A24: Karfreitag | B24: Übriger Feiertag 80 % | C24: 26.03.2027 | D24: 14.04.2028 | E24: 30.03.2029 | F24: 19.04.2030 | G24: 11.04.2031 | H24: separater Feiertagsfaktor
A25: Ostermontag | B25: Übriger Feiertag 80 % | C25: 29.03.2027 | D25: 17.04.2028 | E25: 02.04.2029 | F25: 22.04.2030 | G25: 14.04.2031 | H25: separater Feiertagsfaktor
A26: 1. Mai | B26: Hoher Feiertag 200 % | C26: 01.05.2027 | D26: 01.05.2028 | E26: 01.05.2029 | F26: 01.05.2030 | G26: 01.05.2031 | H26: separater Feiertagsfaktor
A27: Christi Himmelfahrt | B27: Übriger Feiertag 80 % | C27: 06.05.2027 | D27: 25.05.2028 | E27: 10.05.2029 | F27: 30.05.2030 | G27: 22.05.2031 | H27: separater Feiertagsfaktor
A28: Pfingstmontag | B28: Übriger Feiertag 80 % | C28: 17.05.2027 | D28: 05.06.2028 | E28: 21.05.2029 | F28: 10.06.2030 | G28: 02.06.2031 | H28: separater Feiertagsfaktor
A29: Fronleichnam | B29: Übriger Feiertag 80 % | C29: 27.05.2027 | D29: 15.06.2028 | E29: 31.05.2029 | F29: 20.06.2030 | G29: 12.06.2031 | H29: separater Feiertagsfaktor
A30: Tag der Deutschen Einheit | B30: Übriger Feiertag 80 % | C30: 03.10.2027 | D30: 03.10.2028 | E30: 03.10.2029 | F30: 03.10.2030 | G30: 03.10.2031 | H30: separater Feiertagsfaktor
A31: Allerheiligen | B31: Übriger Feiertag 80 % | C31: 01.11.2027 | D31: 01.11.2028 | E31: 01.11.2029 | F31: 01.11.2030 | G31: 01.11.2031 | H31: separater Feiertagsfaktor
A32: 1. Weihnachtsfeiertag | B32: Schließtag / hoher Feiertag | C32: 25.12.2027 | D32: 25.12.2028 | E32: 25.12.2029 | F32: 25.12.2030 | G32: 25.12.2031 | H32: nicht kalkuliert, da Schließtag
A33: 2. Weihnachtsfeiertag | B33: Hoher Feiertag 200 % | C33: 26.12.2027 | D33: 26.12.2028 | E33: 26.12.2029 | F33: 26.12.2030 | G33: 26.12.2031 | H33: separater Feiertagsfaktor
A36: Innenbereich – Schließ-, Öffnungs- und zuschlagspflichtige Tage
A37: Jahr | B37: Kalendertage | C37: Schließtage | D37: Öffnungstage | E37: Regeltage ohne Zuschlag | F37: Sonntage 80 % | G37: übrige Feiertage 80 % | H37: hohe Feiertage 200 % | I37: Kontrolle
A38: 2027 | B38: 365 | C38: 17 | D38: 348 | E38: 290 | F38: 48 | G38: 7 | H38: 3 | I38: 348
A39: 2028 | B39: 366 | C39: 17 | D39: 349 | E39: 288 | F39: 51 | G39: 7 | H39: 3 | I39: 349
A40: 2029 | B40: 365 | C40: 17 | D40: 348 | E40: 288 | F40: 50 | G40: 7 | H40: 3 | I40: 348
A41: 2030 | B41: 365 | C41: 17 | D41: 348 | E41: 288 | F41: 50 | G41: 7 | H41: 3 | I41: 348
A42: 2031 | B42: 365 | C42: 17 | D42: 348 | E42: 288 | F42: 50 | G42: 7 | H42: 3 | I42: 348
A43: Ø 2027–2031 | B43: =AVERAGE(B38:B42) -> 365.2 | C43: =AVERAGE(C38:C42) -> 17 | D43: =AVERAGE(D38:D42) -> 348.2 | E43: =AVERAGE(E38:E42) -> 288.4 | F43: =AVERAGE(F38:F42) -> 49.8 | G43: =AVERAGE(G38:G42) -> 7 | H43: =AVERAGE(H38:H42) -> 3 | I43: =AVERAGE(I38:I42) -> 348.2
A46: Innenbereich – Schließtage im Jahresverlauf
A47: Jahr | B47: Altweiber | C47: Rosenmontag | D47: Revision von | E47: Revision bis | F47: 1. Weihnachtsfeiertag
A48: 2027 | B48: 04.02.2027 | C48: 08.02.2027 | D48: 01.12.2027 | E48: 14.12.2027 | F48: 25.12.2027
A49: 2028 | B49: 24.02.2028 | C49: 28.02.2028 | D49: 01.12.2028 | E49: 14.12.2028 | F49: 25.12.2028
A50: 2029 | B50: 08.02.2029 | C50: 12.02.2029 | D50: 01.12.2029 | E50: 14.12.2029 | F50: 25.12.2029
A51: 2030 | B51: 28.02.2030 | C51: 04.03.2030 | D51: 01.12.2030 | E51: 14.12.2030 | F51: 25.12.2030
A52: 2031 | B52: 20.02.2031 | C52: 24.02.2031 | D52: 01.12.2031 | E52: 14.12.2031 | F52: 25.12.2031
A55: Innenbereich – Jahresfaktoren nach Zuschlagsart
A56: Jahr | B56: Tagart | C56: Tage | D56: 1 x wöchentlich | E56: 3,5 x wöchentlich | F56: 6 x wöchentlich | G56: 7 x wöchentlich | H56: Zuschlag | I56: Bemerkung
A57: 2027 | B57: Regeltage ohne Zuschlag | C57: 290 | D57: =C57*$F$15/7 -> 41.428571 | E57: =C57*$F$16/7 -> 145 | F57: =C57*$F$17/7 -> 248.57143 | G57: =C57*$F$18/7 -> 290 | H57: 0 % | I57: zuschlagsfreie Grundmenge
A58: 2027 | B58: Sonntage | C58: 48 | D58: =C58*$F$15/7 -> 6.8571429 | E58: =C58*$F$16/7 -> 24 | F58: =C58*$F$17/7 -> 41.142857 | G58: =C58*$F$18/7 -> 48 | H58: 80 % | I58: Feiertagsdaten, die zugleich Sonntag sind, werden nicht doppelt gezählt.
A59: 2027 | B59: übrige gesetzliche Feiertage | C59: 7 | D59: =C59*$F$15/7 -> 1 | E59: =C59*$F$16/7 -> 3.5 | F59: =C59*$F$17/7 -> 6 | G59: =C59*$F$18/7 -> 7 | H59: 80 % | I59: ohne hohe Feiertage und ohne 1. Weihnachtsfeiertag
A60: 2027 | B60: hohe Feiertage | C60: 3 | D60: =C60*$F$15/7 -> 0.42857143 | E60: =C60*$F$16/7 -> 1.5 | F60: =C60*$F$17/7 -> 2.5714286 | G60: =C60*$F$18/7 -> 3 | H60: 200 % | I60: Neujahr, 1. Mai, 2. Weihnachtsfeiertag; 1. Weihnachtsfeiertag ist Schließtag
A61: 2027 | B61: Gesamt | C61: 348 | D61: =C61*$F$15/7 -> 49.714286 | E61: =C61*$F$16/7 -> 174 | F61: =C61*$F$17/7 -> 298.28571 | G61: =C61*$F$18/7 -> 348 | H61: Kontrollsumme | I61: entspricht dem bisherigen Gesamt-Jahresfaktor
A62: 2028 | B62: Regeltage ohne Zuschlag | C62: 288 | D62: =C62*$F$15/7 -> 41.142857 | E62: =C62*$F$16/7 -> 144 | F62: =C62*$F$17/7 -> 246.85714 | G62: =C62*$F$18/7 -> 288 | H62: 0 % | I62: zuschlagsfreie Grundmenge
A63: 2028 | B63: Sonntage | C63: 51 | D63: =C63*$F$15/7 -> 7.2857143 | E63: =C63*$F$16/7 -> 25.5 | F63: =C63*$F$17/7 -> 43.714286 | G63: =C63*$F$18/7 -> 51 | H63: 80 % | I63: Feiertagsdaten, die zugleich Sonntag sind, werden nicht doppelt gezählt.
A64: 2028 | B64: übrige gesetzliche Feiertage | C64: 7 | D64: =C64*$F$15/7 -> 1 | E64: =C64*$F$16/7 -> 3.5 | F64: =C64*$F$17/7 -> 6 | G64: =C64*$F$18/7 -> 7 | H64: 80 % | I64: ohne hohe Feiertage und ohne 1. Weihnachtsfeiertag
A65: 2028 | B65: hohe Feiertage | C65: 3 | D65: =C65*$F$15/7 -> 0.42857143 | E65: =C65*$F$16/7 -> 1.5 | F65: =C65*$F$17/7 -> 2.5714286 | G65: =C65*$F$18/7 -> 3 | H65: 200 % | I65: Neujahr, 1. Mai, 2. Weihnachtsfeiertag; 1. Weihnachtsfeiertag ist Schließtag
A66: 2028 | B66: Gesamt | C66: 349 | D66: =C66*$F$15/7 -> 49.857143 | E66: =C66*$F$16/7 -> 174.5 | F66: =C66*$F$17/7 -> 299.14286 | G66: =C66*$F$18/7 -> 349 | H66: Kontrollsumme | I66: entspricht dem bisherigen Gesamt-Jahresfaktor
A67: 2029 | B67: Regeltage ohne Zuschlag | C67: 288 | D67: =C67*$F$15/7 -> 41.142857 | E67: =C67*$F$16/7 -> 144 | F67: =C67*$F$17/7 -> 246.85714 | G67: =C67*$F$18/7 -> 288 | H67: 0 % | I67: zuschlagsfreie Grundmenge
A68: 2029 | B68: Sonntage | C68: 50 | D68: =C68*$F$15/7 -> 7.1428571 | E68: =C68*$F$16/7 -> 25 | F68: =C68*$F$17/7 -> 42.857143 | G68: =C68*$F$18/7 -> 50 | H68: 80 % | I68: Feiertagsdaten, die zugleich Sonntag sind, werden nicht doppelt gezählt.
... A81: 2031 | B81: Gesamt | C81: 348 | D81: =C81*$F$15/7 -> 49.714286 | E81: =C81*$F$16/7 -> 174 | F81: =C81*$F$17/7 -> 298.28571 | G81: =C81*$F$18/7 -> 348 | H81: Kontrollsumme | I81: entspricht dem bisherigen Gesamt-Jahresfaktor
A83: Ø 2027–2031 | B83: Tagart | C83: Ø Tage | D83: Ø 1 x/W | E83: Ø 3,5 x/W | F83: Ø 6 x/W | G83: Ø 7 x/W | H83: Zuschlag
A84: Ø 2027–2031 | B84: Regeltage ohne Zuschlag | C84: =AVERAGE(C57,C62,C67,C72,C77) -> 288.4 | D84: =AVERAGE(D57,D62,D67,D72,D77) -> 41.2 | E84: =AVERAGE(E57,E62,E67,E72,E77) -> 144.2 | F84: =AVERAGE(F57,F62,F67,F72,F77) -> 247.2 | G84: =AVERAGE(G57,G62,G67,G72,G77) -> 288.4 | H84: 0 % | I84: zuschlagsfreie Grundmenge
A85: Ø 2027–2031 | B85: Sonntage | C85: =AVERAGE(C58,C63,C68,C73,C78) -> 49.8 | D85: =AVERAGE(D58,D63,D68,D73,D78) -> 7.1142857 | E85: =AVERAGE(E58,E63,E68,E73,E78) -> 24.9 | F85: =AVERAGE(F58,F63,F68,F73,F78) -> 42.685714 | G85: =AVERAGE(G58,G63,G68,G73,G78) -> 49.8 | H85: 80 % | I85: Feiertagsdaten, die zugleich Sonntag sind, werden nicht doppelt gezählt.
A86: Ø 2027–2031 | B86: übrige gesetzliche Feiertage | C86: =AVERAGE(C59,C64,C69,C74,C79) -> 7 | D86: =AVERAGE(D59,D64,D69,D74,D79) -> 1 | E86: =AVERAGE(E59,E64,E69,E74,E79) -> 3.5 | F86: =AVERAGE(F59,F64,F69,F74,F79) -> 6 | G86: =AVERAGE(G59,G64,G69,G74,G79) -> 7 | H86: 80 % | I86: ohne hohe Feiertage und ohne 1. Weihnachtsfeiertag
A87: Ø 2027–2031 | B87: hohe Feiertage | C87: =AVERAGE(C60,C65,C70,C75,C80) -> 3 | D87: =AVERAGE(D60,D65,D70,D75,D80) -> 0.42857143 | E87: =AVERAGE(E60,E65,E70,E75,E80) -> 1.5 | F87: =AVERAGE(F60,F65,F70,F75,F80) -> 2.5714286 | G87: =AVERAGE(G60,G65,G70,G75,G80) -> 3 | H87: 200 % | I87: Neujahr, 1. Mai, 2. Weihnachtsfeiertag; 1. Weihnachtsfeiertag ist Schließtag
A88: Ø 2027–2031 | B88: Gesamt | C88: =AVERAGE(C61,C66,C71,C76,C81) -> 348.2 | D88: =AVERAGE(D61,D66,D71,D76,D81) -> 49.742857 | E88: =AVERAGE(E61,E66,E71,E76,E81) -> 174.1 | F88: =AVERAGE(F61,F66,F71,F76,F81) -> 298.45714 | G88: =AVERAGE(G61,G66,G71,G76,G81) -> 348.2 | H88: Kontrollsumme | I88: entspricht dem bisherigen Gesamt-Jahresfaktor
A91: Außenbereich 01.05.–31.08. – Tagarten innerhalb der Saison
A92: Jahr | B92: Saisontage | C92: Regeltage ohne Zuschlag | D92: Sonntage 80 % | E92: übrige Feiertage 80 % | F92: hohe Feiertage 200 % | G92: Kontrolle | H92: Saisonbeginn | I92: Saisonende
A93: 2027 | B93: 123 | C93: 101 | D93: 18 | E93: 3 | F93: 1 | G93: 123 | H93: 01.05.2027 | I93: 31.08.2027
A94: 2028 | B94: 123 | C94: 102 | D94: 17 | E94: 3 | F94: 1 | G94: 123 | H94: 01.05.2028 | I94: 31.08.2028
A95: 2029 | B95: 123 | C95: 102 | D95: 17 | E95: 3 | F95: 1 | G95: 123 | H95: 01.05.2029 | I95: 31.08.2029
A96: 2030 | B96: 123 | C96: 102 | D96: 17 | E96: 3 | F96: 1 | G96: 123 | H96: 01.05.2030 | I96: 31.08.2030
A97: 2031 | B97: 123 | C97: 101 | D97: 18 | E97: 3 | F97: 1 | G97: 123 | H97: 01.05.2031 | I97: 31.08.2031
A98: Ø 2027–2031 | B98: =AVERAGE(B93:B97) -> 123 | C98: =AVERAGE(C93:C97) -> 101.6 | D98: =AVERAGE(D93:D97) -> 17.4 | E98: =AVERAGE(E93:E97) -> 3 | F98: =AVERAGE(F93:F97) -> 1 | G98: =AVERAGE(G93:G97) -> 123
A101: Außenbereich – Jahresfaktoren nach Zuschlagsart
A102: Jahr | B102: Tagart | C102: Tage | D102: 1 x wöchentlich | E102: 3,5 x wöchentlich | F102: 6 x wöchentlich | G102: 7 x wöchentlich | H102: Zuschlag | I102: Bemerkung
A103: 2027 | B103: Regeltage ohne Zuschlag | C103: 101 | D103: =C103*$F$15/7 -> 14.428571 | E103: =C103*$F$16/7 -> 50.5 | F103: =C103*$F$17/7 -> 86.571429 | G103: =C103*$F$18/7 -> 101 | H103: 0 % | I103: zuschlagsfreie Grundmenge
A104: 2027 | B104: Sonntage | C104: 18 | D104: =C104*$F$15/7 -> 2.5714286 | E104: =C104*$F$16/7 -> 9 | F104: =C104*$F$17/7 -> 15.428571 | G104: =C104*$F$18/7 -> 18 | H104: 80 % | I104: Feiertagsdaten, die zugleich Sonntag sind, werden nicht doppelt gezählt.
A105: 2027 | B105: übrige gesetzliche Feiertage | C105: 3 | D105: =C105*$F$15/7 -> 0.42857143 | E105: =C105*$F$16/7 -> 1.5 | F105: =C105*$F$17/7 -> 2.5714286 | G105: =C105*$F$18/7 -> 3 | H105: 80 % | I105: ohne hohe Feiertage und ohne 1. Weihnachtsfeiertag
A106: 2027 | B106: hohe Feiertage | C106: 1 | D106: =C106*$F$15/7 -> 0.14285714 | E106: =C106*$F$16/7 -> 0.5 | F106: =C106*$F$17/7 -> 0.85714286 | G106: =C106*$F$18/7 -> 1 | H106: 200 % | I106: Neujahr, 1. Mai, 2. Weihnachtsfeiertag; 1. Weihnachtsfeiertag ist Schließtag
A107: 2027 | B107: Gesamt | C107: 123 | D107: =C107*$F$15/7 -> 17.571429 | E107: =C107*$F$16/7 -> 61.5 | F107: =C107*$F$17/7 -> 105.42857 | G107: =C107*$F$18/7 -> 123 | H107: Kontrollsumme | I107: entspricht dem bisherigen Gesamt-Jahresfaktor
A108: 2028 | B108: Regeltage ohne Zuschlag | C108: 102 | D108: =C108*$F$15/7 -> 14.571429 | E108: =C108*$F$16/7 -> 51 | F108: =C108*$F$17/7 -> 87.428571 | G108: =C108*$F$18/7 -> 102 | H108: 0 % | I108: zuschlagsfreie Grundmenge
A109: 2028 | B109: Sonntage | C109: 17 | D109: =C109*$F$15/7 -> 2.4285714 | E109: =C109*$F$16/7 -> 8.5 | F109: =C109*$F$17/7 -> 14.571429 | G109: =C109*$F$18/7 -> 17 | H109: 80 % | I109: Feiertagsdaten, die zugleich Sonntag sind, werden nicht doppelt gezählt.
A110: 2028 | B110: übrige gesetzliche Feiertage | C110: 3 | D110: =C110*$F$15/7 -> 0.42857143 | E110: =C110*$F$16/7 -> 1.5 | F110: =C110*$F$17/7 -> 2.5714286 | G110: =C110*$F$18/7 -> 3 | H110: 80 % | I110: ohne hohe Feiertage und ohne 1. Weihnachtsfeiertag
A111: 2028 | B111: hohe Feiertage | C111: 1 | D111: =C111*$F$15/7 -> 0.14285714 | E111: =C111*$F$16/7 -> 0.5 | F111: =C111*$F$17/7 -> 0.85714286 | G111: =C111*$F$18/7 -> 1 | H111: 200 % | I111: Neujahr, 1. Mai, 2. Weihnachtsfeiertag; 1. Weihnachtsfeiertag ist Schließtag
A112: 2028 | B112: Gesamt | C112: 123 | D112: =C112*$F$15/7 -> 17.571429 | E112: =C112*$F$16/7 -> 61.5 | F112: =C112*$F$17/7 -> 105.42857 | G112: =C112*$F$18/7 -> 123 | H112: Kontrollsumme | I112: entspricht dem bisherigen Gesamt-Jahresfaktor
A113: 2029 | B113: Regeltage ohne Zuschlag | C113: 102 | D113: =C113*$F$15/7 -> 14.571429 | E113: =C113*$F$16/7 -> 51 | F113: =C113*$F$17/7 -> 87.428571 | G113: =C113*$F$18/7 -> 102 | H113: 0 % | I113: zuschlagsfreie Grundmenge
A114: 2029 | B114: Sonntage | C114: 17 | D114: =C114*$F$15/7 -> 2.4285714 | E114: =C114*$F$16/7 -> 8.5 | F114: =C114*$F$17/7 -> 14.571429 | G114: =C114*$F$18/7 -> 17 | H114: 80 % | I114: Feiertagsdaten, die zugleich Sonntag sind, werden nicht doppelt gezählt.
... A127: 2031 | B127: Gesamt | C127: 123 | D127: =C127*$F$15/7 -> 17.571429 | E127: =C127*$F$16/7 -> 61.5 | F127: =C127*$F$17/7 -> 105.42857 | G127: =C127*$F$18/7 -> 123 | H127: Kontrollsumme | I127: entspricht dem bisherigen Gesamt-Jahresfaktor
A129: Ø 2027–2031 | B129: Tagart | C129: Ø Tage | D129: Ø 1 x/W | E129: Ø 3,5 x/W | F129: Ø 6 x/W | G129: Ø 7 x/W | H129: Zuschlag
A130: Ø 2027–2031 | B130: Regeltage ohne Zuschlag | C130: =AVERAGE(C103,C108,C113,C118,C123) -> 101.6 | D130: =AVERAGE(D103,D108,D113,D118,D123) -> 14.514286 | E130: =AVERAGE(E103,E108,E113,E118,E123) -> 50.8 | F130: =AVERAGE(F103,F108,F113,F118,F123) -> 87.085714 | G130: =AVERAGE(G103,G108,G113,G118,G123) -> 101.6 | H130: 0 % | I130: zuschlagsfreie Grundmenge
A131: Ø 2027–2031 | B131: Sonntage | C131: =AVERAGE(C104,C109,C114,C119,C124) -> 17.4 | D131: =AVERAGE(D104,D109,D114,D119,D124) -> 2.4857143 | E131: =AVERAGE(E104,E109,E114,E119,E124) -> 8.7 | F131: =AVERAGE(F104,F109,F114,F119,F124) -> 14.914286 | G131: =AVERAGE(G104,G109,G114,G119,G124) -> 17.4 | H131: 80 % | I131: Feiertagsdaten, die zugleich Sonntag sind, werden nicht doppelt gezählt.
A132: Ø 2027–2031 | B132: übrige gesetzliche Feiertage | C132: =AVERAGE(C105,C110,C115,C120,C125) -> 3 | D132: =AVERAGE(D105,D110,D115,D120,D125) -> 0.42857143 | E132: =AVERAGE(E105,E110,E115,E120,E125) -> 1.5 | F132: =AVERAGE(F105,F110,F115,F120,F125) -> 2.5714286 | G132: =AVERAGE(G105,G110,G115,G120,G125) -> 3 | H132: 80 % | I132: ohne hohe Feiertage und ohne 1. Weihnachtsfeiertag
A133: Ø 2027–2031 | B133: hohe Feiertage | C133: =AVERAGE(C106,C111,C116,C121,C126) -> 1 | D133: =AVERAGE(D106,D111,D116,D121,D126) -> 0.14285714 | E133: =AVERAGE(E106,E111,E116,E121,E126) -> 0.5 | F133: =AVERAGE(F106,F111,F116,F121,F126) -> 0.85714286 | G133: =AVERAGE(G106,G111,G116,G121,G126) -> 1 | H133: 200 % | I133: Neujahr, 1. Mai, 2. Weihnachtsfeiertag; 1. Weihnachtsfeiertag ist Schließtag
A134: Ø 2027–2031 | B134: Gesamt | C134: =AVERAGE(C107,C112,C117,C122,C127) -> 123 | D134: =AVERAGE(D107,D112,D117,D122,D127) -> 17.571429 | E134: =AVERAGE(E107,E112,E117,E122,E127) -> 61.5 | F134: =AVERAGE(F107,F112,F117,F122,F127) -> 105.42857 | G134: =AVERAGE(G107,G112,G117,G122,G127) -> 123 | H134: Kontrollsumme | I134: entspricht dem bisherigen Gesamt-Jahresfaktor
A137: Hinweise zur Anwendung
A138: 1. Die Gesamt-Jahresfaktoren entsprechen weiterhin der ursprünglichen Methode Öffnungstage bzw. Saisontage × Intervall / 7. Neu ist ausschließlich die Aufteilung nach zuschlagsfreien und zuschlagspflichtigen Tagarten.
A139: 2. Feiertage werden aus den Regeltagen herausgerechnet und als eigener Jahresfaktor ausgewiesen. Fällt ein Feiertag auf einen Sonntag, wird er nur einmal erfasst. Hohe Feiertage werden vorrangig der 200-%-Kategorie zugeordnet.
A140: 3. Der 1. Weihnachtsfeiertag bleibt Schließtag und erzeugt keinen Feiertagsfaktor. Neujahr, 1. Mai und 2. Weihnachtsfeiertag bleiben geöffnet und werden als hohe Feiertage berücksichtigt.
A141: 4. Nachtarbeit von 22:00 bis 05:00 Uhr ist tariflich zuschlagspflichtig. Da die Vorlage keine Uhrzeiten der Leistungsausführung enthält, kann hierfür kein belastbarer Jahresfaktor abgeleitet werden.
A142: 5. Die Reinigungsintervalle 1x, 3,5x und 6x pro Woche werden weiterhin proportional auf die Kalendertage verteilt. Bei fest definierten Wochentagen kann eine taggenaue Einsatzplanung zu abweichenden Zuschlagsfaktoren führen.
A143: 6. Tarifliche Regelungen können sich für die Vertragsjahre 2027–2031 ändern. Vor Verwendung in einer Vergabe- oder Preisfortschreibung sollte der dann gültige Rahmentarifvertrag erneut geprüft werden.
A145: Quelle Tarifgrundlage (Stand 2026) | B145: https://www.berlin.de/sen/arbeit/arbeits-und-tarifrecht/tarifbroschueren-nach-wirtschaftsbereichen/branche-g/gebaeudereinigung_01_broschuere_ab_01-2026_stand_03-2025.pdf
...

Sheet Stundenverrechnungssätze UR
A1: Stundenverrechnungssatz Mona Mare
A5: Bearbeitungshinweise: | C5: Farblich grün hinterlegte Felder sind zu bearbeiten | G5: Unterhaltsreinigung (Werktag) | L5: Bearbeitungshinweise: | N5: Farblich grün hinterlegte Felder sind zu bearbeiten | R5: Unterhaltsreinigung (Nacht) | W5: Bearbeitungshinweise: | Y5: Farblich grün hinterlegte Felder sind zu bearbeiten | AC5: Unterhaltsreinigung (Sonn-/Feiertag) | AH5: Bearbeitungshinweise: | AJ5: Farblich grün hinterlegte Felder sind zu bearbeiten | AN5: Unterhaltsreinigung (Hoher Feiertag)
A6: In den Positionen 2 bis 4 sind Prozentsätze vom produktiven Stundenlohn einzutragen. | L6: In den Positionen 2 bis 4 sind Prozentsätze vom produktiven Stundenlohn bzw. auf den Zuschlag einzutragen. | W6: In den Positionen 2 bis 4 sind Prozentsätze vom produktiven Stundenlohn bzw. auf den Zuschlag einzutragen. | AH6: In den Positionen 2 bis 4 sind Prozentsätze vom produktiven Stundenlohn bzw. auf den Zuschlag einzutragen.
A7: In den Positionen 6 bis 7 sind Prozentsätze von den Selbstkosten einzutragen. | L7: In den Positionen 6 bis 7 sind Prozentsätze von den Selbstkosten einzutragen. | W7: In den Positionen 6 bis 7 sind Prozentsätze von den Selbstkosten einzutragen. | AH7: In den Positionen 6 bis 7 sind Prozentsätze von den Selbstkosten einzutragen.
A8: Pos. | B8: Bezeichnung | E8: Sozialversicherungspfl. Beschäftigte | G8: Midijobber | I8: Minijobber | L8: Pos. | M8: Bezeichnung | P8: Sozialversicherungspfl. Beschäftigte | R8: Midijobber | T8: Minijobber | W8: Pos. | X8: Bezeichnung | AA8: Sozialversicherungspfl. Beschäftigte | AC8: Midijobber | AE8: Minijobber | AH8: Pos. | AI8: Bezeichnung | AL8: Sozialversicherungspfl. Beschäftigte | AN8: Midijobber | AP8: Minijobber
E9: % | F9: € | G9: % | H9: € | I9: % | J9: € | P9: % | Q9: € | R9: % | S9: € | T9: % | U9: € | AA9: % | AB9: € | AC9: % | AD9: € | AE9: % | AF9: € | AL9: % | AM9: € | AN9: % | AO9: € | AP9: % | AQ9: €
A10: 1.00 | B10: Produktiver Stundenlohn | E10: 1 | G10: 1 | I10: 1 | L10: 1.00 | M10: Produktiver Stundenlohn | P10: 1 | R10: 1 | T10: 1 | W10: 1.00 | X10: Produktiver Stundenlohn | AA10: 1 | AC10: 1 | AE10: 1 | AH10: 1.00 | AI10: Produktiver Stundenlohn | AL10: 1 | AN10: 1 | AP10: 1
A11: 2.00 | B11: Lohngebundene Kosten | L11: 1.10 | M11: Zuschlag Nacht | Q11: =IF(P11>0,ROUND(Q10*P11,2),0) -> 0 | S11: =IF(R11>0,ROUND(S10*R11,2),0) -> 0 | U11: =IF(T11>0,ROUND(U10*T11,2),0) -> 0 | W11: 1.10 | X11: Zuschlag Sonn- und Feiertag | AB11: =IF(AA11>0,ROUND(AB10*AA11,2),0) -> 0 | AD11: =IF(AC11>0,ROUND(AD10*AC11,2),0) -> 0 | AF11: =IF(AE11>0,ROUND(AF10*AE11,2),0) -> 0 | AH11: 1.10 | AI11: Zuschlag Hoher Feiertag | AM11: =IF(AL11>0,ROUND(AM10*AL11,2),0) -> 0 | AO11: =IF(AN11>0,ROUND(AO10*AN11,2),0) -> 0 | AQ11: =IF(AP11>0,ROUND(AQ10*AP11,2),0) -> 0
A12: 2.10 | B12: Sozialversicherungsbeiträge (Arbeitgeberanteil) | L12: 2.00 | M12: Lohngebundene Kosten | W12: 2.00 | X12: Lohngebundene Kosten | AH12: 2.00 | AI12: Lohngebundene Kosten
A13: 2.11 | B13: Krankenversicherung | F13: =E13*F$10 -> 0 | H13: =G13*H$10 -> 0 | J13: =I13*J$10 -> 0 | L13: 2.10 | M13: Sozialversicherungsbeiträge (Arbeitgeberanteil) | W13: 2.10 | X13: Sozialversicherungsbeiträge (Arbeitgeberanteil) | AH13: 2.10 | AI13: Sozialversicherungsbeiträge (Arbeitgeberanteil)
A14: 2.12 | B14: Rentenversicherung | F14: =E14*F$10 -> 0 | H14: =G14*H$10 -> 0 | J14: =I14*J$10 -> 0 | L14: 2.11 | M14: Krankenversicherung | Q14: =P14*Q$10 -> 0 | S14: =R14*S$10 -> 0 | U14: =T14*U$10 -> 0 | W14: 2.11 | X14: Krankenversicherung | AB14: =AA14*AB$10 -> 0 | AD14: =AC14*AD$10 -> 0 | AF14: =AE14*AF$10 -> 0 | AH14: 2.11 | AI14: Krankenversicherung | AM14: =AL14*AM$10 -> 0 | AO14: =AN14*AO$10 -> 0 | AQ14: =AP14*AQ$10 -> 0
A15: 2.13 | B15: Arbeitslosenversicherung | F15: =E15*F$10 -> 0 | H15: =G15*H$10 -> 0 | J15: =I15*J$10 -> 0 | M15: Krankenversicherung auf Zuschlag | Q15: =P15*Q$11 -> 0 | S15: =R15*S$11 -> 0 | U15: =T15*U$11 -> 0 | X15: Krankenversicherung auf Zuschlag | AB15: =AA15*AB$11 -> 0 | AD15: =AC15*AD$11 -> 0 | AF15: =AE15*AF$11 -> 0 | AI15: Krankenversicherung auf Zuschlag | AM15: =AL15*AM$11 -> 0 | AO15: =AN15*AO$11 -> 0 | AQ15: =AP15*AQ$11 -> 0
A16: 2.14 | B16: Pflegeversicherung | F16: =E16*F$10 -> 0 | H16: =G16*H$10 -> 0 | J16: =I16*J$10 -> 0 | L16: 2.12 | M16: Rentenversicherung | Q16: =P16*Q$10 -> 0 | S16: =R16*S$10 -> 0 | U16: =T16*U$10 -> 0 | W16: 2.12 | X16: Rentenversicherung | AB16: =AA16*AB$10 -> 0 | AD16: =AC16*AD$10 -> 0 | AF16: =AE16*AF$10 -> 0 | AH16: 2.12 | AI16: Rentenversicherung | AM16: =AL16*AM$10 -> 0 | AO16: =AN16*AO$10 -> 0 | AQ16: =AP16*AQ$10 -> 0
A17: 2.15 | B17: U2 Mutterschaftsaufwendung | F17: =E17*F$10 -> 0 | H17: =G17*H$10 -> 0 | J17: =I17*J$10 -> 0 | M17: Rentenversicherung auf Zuschlag | Q17: =P17*Q$11 -> 0 | S17: =R17*S$11 -> 0 | U17: =T17*U$11 -> 0 | X17: Rentenversicherung auf Zuschlag | AB17: =AA17*AB$11 -> 0 | AD17: =AC17*AD$11 -> 0 | AF17: =AE17*AF$11 -> 0 | AI17: Rentenversicherung auf Zuschlag | AM17: =AL17*AM$11 -> 0 | AO17: =AN17*AO$11 -> 0 | AQ17: =AP17*AQ$11 -> 0
A18: 2.16 | B18: U3 Insolvenzgeldumlage | F18: =E18*F$10 -> 0 | H18: =G18*H$10 -> 0 | J18: =I18*J$10 -> 0 | L18: 2.13 | M18: Arbeitslosenversicherung | Q18: =P18*Q$10 -> 0 | S18: =R18*S$10 -> 0 | U18: =T18*U$10 -> 0 | W18: 2.13 | X18: Arbeitslosenversicherung | AB18: =AA18*AB$10 -> 0 | AD18: =AC18*AD$10 -> 0 | AF18: =AE18*AF$10 -> 0 | AH18: 2.13 | AI18: Arbeitslosenversicherung | AM18: =AL18*AM$10 -> 0 | AO18: =AN18*AO$10 -> 0 | AQ18: =AP18*AQ$10 -> 0
A19: 2.17 | B19: Gesetzliche Unfallversicherung | F19: =E19*F$10 -> 0 | H19: =G19*H$10 -> 0 | J19: =I19*J$10 -> 0 | M19: Arbeitslosenversicherung auf Zuschlag | Q19: =P19*Q$11 -> 0 | S19: =R19*S$11 -> 0 | U19: =T19*U$11 -> 0 | X19: Arbeitslosenversicherung auf Zuschlag | AB19: =AA19*AB$11 -> 0 | AD19: =AC19*AD$11 -> 0 | AF19: =AE19*AF$11 -> 0 | AI19: Arbeitslosenversicherung auf Zuschlag | AM19: =AL19*AM$11 -> 0 | AO19: =AN19*AO$11 -> 0 | AQ19: =AP19*AQ$11 -> 0
B20: Zwischensumme der Positionen unter 2.10 | E20: =SUM(E13:E19) -> 0 | F20: =SUM(F13:F19) -> 0 | G20: =SUM(G13:G19) -> 0 | H20: =SUM(H13:H19) -> 0 | I20: =SUM(I13:I19) -> 0 | J20: =SUM(J13:J19) -> 0 | L20: 2.14 | M20: Pflegeversicherung | Q20: =P20*Q$10 -> 0 | S20: =R20*S$10 -> 0 | U20: =T20*U$10 -> 0 | W20: 2.14 | X20: Pflegeversicherung | AB20: =AA20*AB$10 -> 0 | AD20: =AC20*AD$10 -> 0 | AF20: =AE20*AF$10 -> 0 | AH20: 2.14 | AI20: Pflegeversicherung | AM20: =AL20*AM$10 -> 0 | AO20: =AN20*AO$10 -> 0 | AQ20: =AP20*AQ$10 -> 0
A21: 2.20 | B21: Soziallöhne | M21: Pflegeversicherung auf Zuschlag | Q21: =P21*Q$11 -> 0 | S21: =R21*S$11 -> 0 | U21: =T21*U$11 -> 0 | X21: Pflegeversicherung auf Zuschlag | AB21: =AA21*AB$11 -> 0 | AD21: =AC21*AD$11 -> 0 | AF21: =AE21*AF$11 -> 0 | AI21: Pflegeversicherung auf Zuschlag | AM21: =AL21*AM$11 -> 0 | AO21: =AN21*AO$11 -> 0 | AQ21: =AP21*AQ$11 -> 0
A22: 2.21 | B22: Gesetzliche Feiertage | F22: =E22*F$10 -> 0 | H22: =G22*H$10 -> 0 | J22: =I22*J$10 -> 0 | L22: 2.15 | M22: U2 Mutterschaftsaufwendung | Q22: =P22*Q$10 -> 0 | S22: =R22*S$10 -> 0 | U22: =T22*U$10 -> 0 | W22: 2.15 | X22: U2 Mutterschaftsaufwendung | AB22: =AA22*AB$10 -> 0 | AD22: =AC22*AD$10 -> 0 | AF22: =AE22*AF$10 -> 0 | AH22: 2.15 | AI22: U2 Mutterschaftsaufwendung | AM22: =AL22*AM$10 -> 0 | AO22: =AN22*AO$10 -> 0 | AQ22: =AP22*AQ$10 -> 0
B23: Sozialversicherung auf Pos. 2.21 | F23: =E23*F$10 -> 0 | H23: =G23*H$10 -> 0 | J23: =I23*J$10 -> 0 | M23: U2 Mutterschaftsaufwendung auf Zuschlag | Q23: =P23*Q$11 -> 0 | S23: =R23*S$11 -> 0 | U23: =T23*U$11 -> 0 | X23: U2 Mutterschaftsaufwendung auf Zuschlag | AB23: =AA23*AB$11 -> 0 | AD23: =AC23*AD$11 -> 0 | AF23: =AE23*AF$11 -> 0 | AI23: U2 Mutterschaftsaufwendung auf Zuschlag | AM23: =AL23*AM$11 -> 0 | AO23: =AN23*AO$11 -> 0 | AQ23: =AP23*AQ$11 -> 0
A24: 2.22 | B24: Urlaubsentgeld | F24: =E24*F$10 -> 0 | H24: =G24*H$10 -> 0 | J24: =I24*J$10 -> 0 | L24: 2.16 | M24: U3 Insolvenzgeldumlage | Q24: =P24*Q$10 -> 0 | S24: =R24*S$10 -> 0 | U24: =T24*U$10 -> 0 | W24: 2.16 | X24: U3 Insolvenzgeldumlage | AB24: =AA24*AB$10 -> 0 | AD24: =AC24*AD$10 -> 0 | AF24: =AE24*AF$10 -> 0 | AH24: 2.16 | AI24: U3 Insolvenzgeldumlage | AM24: =AL24*AM$10 -> 0 | AO24: =AN24*AO$10 -> 0 | AQ24: =AP24*AQ$10 -> 0
B25: Sozialversicherung auf Pos. 2.22 | F25: =E25*F$10 -> 0 | H25: =G25*H$10 -> 0 | J25: =I25*J$10 -> 0 | M25: U3 Insolvenzgeldumlage auf Zuschlag | Q25: =P25*Q$11 -> 0 | S25: =R25*S$11 -> 0 | U25: =T25*U$11 -> 0 | X25: U3 Insolvenzgeldumlage auf Zuschlag | AB25: =AA25*AB$11 -> 0 | AD25: =AC25*AD$11 -> 0 | AF25: =AE25*AF$11 -> 0 | AI25: U3 Insolvenzgeldumlage auf Zuschlag | AM25: =AL25*AM$11 -> 0 | AO25: =AN25*AO$11 -> 0 | AQ25: =AP25*AQ$11 -> 0
A26: 2.23 | B26: Arbeitsfreistellung | F26: =E26*F$10 -> 0 | H26: =G26*H$10 -> 0 | J26: =I26*J$10 -> 0 | L26: 2.17 | M26: Gesetzliche Unfallversicherung | Q26: =P26*Q$10 -> 0 | S26: =R26*S$10 -> 0 | U26: =T26*U$10 -> 0 | W26: 2.17 | X26: Gesetzliche Unfallversicherung | AB26: =AA26*AB$10 -> 0 | AD26: =AC26*AD$10 -> 0 | AF26: =AE26*AF$10 -> 0 | AH26: 2.17 | AI26: Gesetzliche Unfallversicherung | AM26: =AL26*AM$10 -> 0 | AO26: =AN26*AO$10 -> 0 | AQ26: =AP26*AQ$10 -> 0
B27: Sozialversicherung auf Pos. 2.23 | F27: =E27*F$10 -> 0 | H27: =G27*H$10 -> 0 | J27: =I27*J$10 -> 0 | M27: Gesetzliche Unfallversicherung auf Zuschlag | Q27: =P27*Q$11 -> 0 | S27: =R27*S$11 -> 0 | U27: =T27*U$11 -> 0 | X27: Gesetzliche Unfallversicherung auf Zuschlag | AB27: =AA27*AB$11 -> 0 | AD27: =AC27*AD$11 -> 0 | AF27: =AE27*AF$11 -> 0 | AI27: Gesetzliche Unfallversicherung auf Zuschlag | AM27: =AL27*AM$11 -> 0 | AO27: =AN27*AO$11 -> 0 | AQ27: =AP27*AQ$11 -> 0
A28: 2.24 | B28: Lohnfortzahlung im Krankheitsfall | F28: =E28*F$10 -> 0 | H28: =G28*H$10 -> 0 | J28: =I28*J$10 -> 0 | M28: Zwischensumme der Positionen unter 2.10 | Q28: =SUM(Q14:Q27) -> 0 | S28: =SUM(S14:S27) -> 0 | U28: =SUM(U14:U27) -> 0 | X28: Zwischensumme der Positionen unter 2.10 | AB28: =SUM(AB14:AB27) -> 0 | AD28: =SUM(AD14:AD27) -> 0 | AF28: =SUM(AF14:AF27) -> 0 | AI28: Zwischensumme der Positionen unter 2.10 | AM28: =SUM(AM14:AM27) -> 0 | AO28: =SUM(AO14:AO27) -> 0 | AQ28: =SUM(AQ14:AQ27) -> 0
B29: Sozialversicherung auf Pos. 2.24 | F29: =E29*F$10 -> 0 | H29: =G29*H$10 -> 0 | J29: =I29*J$10 -> 0 | M29: Summe Sozialversicherungsbeiträge auf den produktiven Stundenlohn | P29: =IF($F$10<>0,Q28/$F$10,0) -> 0 | R29: =IF($H$10<>0,S28/$H$10,0) -> 0 | T29: =IF($J$10<>0,U28/$J$10,0) -> 0 | X29: Summe Sozialversicherungsbeiträge auf den produktiven Stundenlohn | AA29: =IF($F$10<>0,AB28/$F$10,0) -> 0 | AC29: =IF($H$10<>0,AD28/$H$10,0) -> 0 | AE29: =IF($J$10<>0,AF28/$J$10,0) -> 0 | AI29: Summe Sozialversicherungsbeiträge auf den produktiven Stundenlohn | AL29: =IF($F$10<>0,AM28/$F$10,0) -> 0 | AN29: =IF($H$10<>0,AO28/$H$10,0) -> 0 | AP29: =IF($J$10<>0,AQ28/$J$10,0) -> 0
A30: 2.25 | B30: Zusätzliches Urlaubsgeld | F30: =E30*F$10 -> 0 | H30: =G30*H$10 -> 0 | J30: =I30*J$10 -> 0 | L30: 2.20 | M30: Soziallöhne | W30: 2.20 | X30: Soziallöhne | AH30: 2.20 | AI30: Soziallöhne
B31: Sozialversicherung auf Pos. 2.25 | F31: =E31*F$10 -> 0 | H31: =G31*H$10 -> 0 | J31: =I31*J$10 -> 0 | L31: 2.21 | M31: Gesetzliche Feiertage | Q31: =P31*Q$10 -> 0 | S31: =R31*S$10 -> 0 | U31: =T31*U$10 -> 0 | W31: 2.21 | X31: Gesetzliche Feiertage | AB31: =AA31*AB$10 -> 0 | AD31: =AC31*AD$10 -> 0 | AF31: =AE31*AF$10 -> 0 | AH31: 2.21 | AI31: Gesetzliche Feiertage | AM31: =AL31*AM$10 -> 0 | AO31: =AN31*AO$10 -> 0 | AQ31: =AP31*AQ$10 -> 0
B32: Zwischensumme Soziallöhne inkl. SV-Beiträge auf Soziallöhne | E32: =SUM(E22:E31) -> 0 | F32: =SUM(F22:F31) -> 0 | G32: =SUM(G22:G31) -> 0 | H32: =SUM(H22:H31) -> 0 | I32: =SUM(I22:I31) -> 0 | J32: =SUM(J22:J31) -> 0 | M32: Sozialversicherung auf Pos. 2.21 | Q32: =P32*Q$10 -> 0 | S32: =R32*S$10 -> 0 | U32: =T32*U$10 -> 0 | X32: Sozialversicherung auf Pos. 2.21 | AB32: =AA32*AB$10 -> 0 | AD32: =AC32*AD$10 -> 0 | AF32: =AE32*AF$10 -> 0 | AI32: Sozialversicherung auf Pos. 2.21 | AM32: =AL32*AM$10 -> 0 | AO32: =AN32*AO$10 -> 0 | AQ32: =AP32*AQ$10 -> 0
A33: 2.30 | B33: Zusätzliche lohngebundene Kosten | L33: 2.22 | M33: Urlaubsentgeld | Q33: =P33*Q$10 -> 0 | S33: =R33*S$10 -> 0 | U33: =T33*U$10 -> 0 | W33: 2.22 | X33: Urlaubsentgeld | AB33: =AA33*AB$10 -> 0 | AD33: =AC33*AD$10 -> 0 | AF33: =AE33*AF$10 -> 0 | AH33: 2.22 | AI33: Urlaubsentgeld | AM33: =AL33*AM$10 -> 0 | AO33: =AN33*AO$10 -> 0 | AQ33: =AP33*AQ$10 -> 0
A34: 2.31 | B34: Haftpflichtversicherung | F34: =E34*F$10 -> 0 | H34: =G34*H$10 -> 0 | J34: =I34*J$10 -> 0 | M34: Sozialversicherung auf Pos. 2.22 | Q34: =P34*Q$10 -> 0 | S34: =R34*S$10 -> 0 | U34: =T34*U$10 -> 0 | X34: Sozialversicherung auf Pos. 2.22 | AB34: =AA34*AB$10 -> 0 | AD34: =AC34*AD$10 -> 0 | AF34: =AE34*AF$10 -> 0 | AI34: Sozialversicherung auf Pos. 2.22 | AM34: =AL34*AM$10 -> 0 | AO34: =AN34*AO$10 -> 0 | AQ34: =AP34*AQ$10 -> 0
A35: 2.32 | B35: Sonstige Personalkosten | F35: =E35*F$10 -> 0 | H35: =G35*H$10 -> 0 | J35: =I35*J$10 -> 0 | L35: 2.23 | M35: Arbeitsfreistellung | Q35: =P35*Q$10 -> 0 | S35: =R35*S$10 -> 0 | U35: =T35*U$10 -> 0 | W35: 2.23 | X35: Arbeitsfreistellung | AB35: =AA35*AB$10 -> 0 | AD35: =AC35*AD$10 -> 0 | AF35: =AE35*AF$10 -> 0 | AH35: 2.23 | AI35: Arbeitsfreistellung | AM35: =AL35*AM$10 -> 0 | AO35: =AN35*AO$10 -> 0 | AQ35: =AP35*AQ$10 -> 0
B36: Zwischensumme der Positionen unter 2.30 | E36: =SUM(E34:E35) -> 0 | F36: =SUM(F34:F35) -> 0 | G36: =SUM(G34:G35) -> 0 | H36: =SUM(H34:H35) -> 0 | I36: =SUM(I34:I35) -> 0 | J36: =SUM(J34:J35) -> 0 | M36: Sozialversicherung auf Pos. 2.23 | Q36: =P36*Q$10 -> 0 | S36: =R36*S$10 -> 0 | U36: =T36*U$10 -> 0 | X36: Sozialversicherung auf Pos. 2.23 | AB36: =AA36*AB$10 -> 0 | AD36: =AC36*AD$10 -> 0 | AF36: =AE36*AF$10 -> 0 | AI36: Sozialversicherung auf Pos. 2.23 | AM36: =AL36*AM$10 -> 0 | AO36: =AN36*AO$10 -> 0 | AQ36: =AP36*AQ$10 -> 0
B37: Summe lohngebundene Kosten (Σ 2.10-2.30) | E37: =SUM(E20,E32,E36) -> 0 | F37: =SUM(F20,F32,F36) -> 0 | G37: =SUM(G20,G32,G36) -> 0 | H37: =SUM(H20,H32,H36) -> 0 | I37: =SUM(I20,I32,I36) -> 0 | J37: =SUM(J20,J32,J36) -> 0 | L37: 2.24 | M37: Lohnfortzahlung im Krankheitsfall | Q37: =P37*Q$10 -> 0 | S37: =R37*S$10 -> 0 | U37: =T37*U$10 -> 0 | W37: 2.24 | X37: Lohnfortzahlung im Krankheitsfall | AB37: =AA37*AB$10 -> 0 | AD37: =AC37*AD$10 -> 0 | AF37: =AE37*AF$10 -> 0 | AH37: 2.24 | AI37: Lohnfortzahlung im Krankheitsfall | AM37: =AL37*AM$10 -> 0 | AO37: =AN37*AO$10 -> 0 | AQ37: =AP37*AQ$10 -> 0
A38: 3.00 | B38: Sonstige auftragsbezogene Kosten | M38: Sozialversicherung auf Pos. 2.24 | Q38: =P38*Q$10 -> 0 | S38: =R38*S$10 -> 0 | U38: =T38*U$10 -> 0 | X38: Sozialversicherung auf Pos. 2.24 | AB38: =AA38*AB$10 -> 0 | AD38: =AC38*AD$10 -> 0 | AF38: =AE38*AF$10 -> 0 | AI38: Sozialversicherung auf Pos. 2.24 | AM38: =AL38*AM$10 -> 0 | AO38: =AN38*AO$10 -> 0 | AQ38: =AP38*AQ$10 -> 0
A39: 3.10 | B39: Löhne für Aufsichten / Vorarbeiter inkl. sozialer Folgekosten | F39: =E39*F$10 -> 0 | H39: =G39*H$10 -> 0 | J39: =I39*J$10 -> 0 | L39: 2.25 | M39: Zusätzliches Urlaubsgeld | Q39: =P39*Q$10 -> 0 | S39: =R39*S$10 -> 0 | U39: =T39*U$10 -> 0 | W39: 2.25 | X39: Zusätzliches Urlaubsgeld | AB39: =AA39*AB$10 -> 0 | AD39: =AC39*AD$10 -> 0 | AF39: =AE39*AF$10 -> 0 | AH39: 2.25 | AI39: Zusätzliches Urlaubsgeld | AM39: =AL39*AM$10 -> 0 | AO39: =AN39*AO$10 -> 0 | AQ39: =AP39*AQ$10 -> 0
A40: 3.20 | B40: Fahrtkostenzuschuss | F40: =E40*F$10 -> 0 | H40: =G40*H$10 -> 0 | J40: =I40*J$10 -> 0 | M40: Sozialversicherung auf Pos. 2.25 | Q40: =P40*Q$10 -> 0 | S40: =R40*S$10 -> 0 | U40: =T40*U$10 -> 0 | X40: Sozialversicherung auf Pos. 2.25 | AB40: =AA40*AB$10 -> 0 | AD40: =AC40*AD$10 -> 0 | AF40: =AE40*AF$10 -> 0 | AI40: Sozialversicherung auf Pos. 2.25 | AM40: =AL40*AM$10 -> 0 | AO40: =AN40*AO$10 -> 0 | AQ40: =AP40*AQ$10 -> 0
A41: 3.30 | B41: Fertigungsmaterial, Maschinen und Geräte, Afa etc. | F41: =E41*F$10 -> 0 | H41: =G41*H$10 -> 0 | J41: =I41*J$10 -> 0 | M41: Zwischensumme Soziallöhne inkl. SV-Beiträge auf Soziallöhne | P41: =SUM(P31:P40) -> 0 | Q41: =SUM(Q31:Q40) -> 0 | R41: =SUM(R31:R40) -> 0 | S41: =SUM(S31:S40) -> 0 | T41: =SUM(T31:T40) -> 0 | U41: =SUM(U31:U40) -> 0 | X41: Zwischensumme Soziallöhne inkl. SV-Beiträge auf Soziallöhne | AA41: =SUM(AA31:AA40) -> 0 | AB41: =SUM(AB31:AB40) -> 0 | AC41: =SUM(AC31:AC40) -> 0 | AD41: =SUM(AD31:AD40) -> 0 | AE41: =SUM(AE31:AE40) -> 0 | AF41: =SUM(AF31:AF40) -> 0 | AI41: Zwischensumme Soziallöhne inkl. SV-Beiträge auf Soziallöhne | AL41: =SUM(AL31:AL40) -> 0 | AM41: =SUM(AM31:AM40) -> 0 | AN41: =SUM(AN31:AN40) -> 0 | AO41: =SUM(AO31:AO40) -> 0 | AP41: =SUM(AP31:AP40) -> 0 | AQ41: =SUM(AQ31:AQ40) -> 0
A42: 3.40 | B42: Sondereinzelkosten | F42: =E42*F$10 -> 0 | H42: =G42*H$10 -> 0 | J42: =I42*J$10 -> 0 | L42: 2.30 | M42: Zusätzliche lohngebundene Kosten | W42: 2.30 | X42: Zusätzliche lohngebundene Kosten | AH42: 2.30 | AI42: Zusätzliche lohngebundene Kosten
B43: Summe sonstige auftragsbezogene Kosten (Σ 3.10-3.40) | E43: =SUM(E39:E42) -> 0 | F43: =SUM(F39:F42) -> 0 | G43: =SUM(G39:G42) -> 0 | H43: =SUM(H39:H42) -> 0 | I43: =SUM(I39:I42) -> 0 | J43: =SUM(J39:J42) -> 0 | L43: 2.31 | M43: Haftpflichtversicherung | Q43: =P43*Q$10 -> 0 | S43: =ROUND(R43*S$10,2) -> 0 | U43: =ROUND(T43*U$10,2) -> 0 | W43: 2.31 | X43: Haftpflichtversicherung | AB43: =AA43*AB$10 -> 0 | AD43: =ROUND(AC43*AD$10,2) -> 0 | AF43: =ROUND(AE43*AF$10,2) -> 0 | AH43: 2.31 | AI43: Haftpflichtversicherung | AM43: =AL43*AM$10 -> 0 | AO43: =ROUND(AN43*AO$10,2) -> 0 | AQ43: =ROUND(AP43*AQ$10,2) -> 0
A44: 4.00 | B44: Unternehmensbezogene Kosten | L44: 2.32 | M44: Sonstige Personalkosten | Q44: =P44*Q$10 -> 0 | S44: =ROUND(R44*S$10,2) -> 0 | U44: =ROUND(T44*U$10,2) -> 0 | W44: 2.32 | X44: Sonstige Personalkosten | AB44: =AA44*AB$10 -> 0 | AD44: =ROUND(AC44*AD$10,2) -> 0 | AF44: =ROUND(AE44*AF$10,2) -> 0 | AH44: 2.32 | AI44: Sonstige Personalkosten | AM44: =AL44*AM$10 -> 0 | AO44: =ROUND(AN44*AO$10,2) -> 0 | AQ44: =ROUND(AP44*AQ$10,2) -> 0
A45: 4.10 | B45: Gehälter | M45: Zwischensumme der Positionen unter 2.30 | P45: =SUM(P43:P44) -> 0 | Q45: =SUM(Q43:Q44) -> 0 | R45: =SUM(R43:R44) -> 0 | S45: =SUM(S43:S44) -> 0 | T45: =SUM(T43:T44) -> 0 | U45: =SUM(U43:U44) -> 0 | X45: Zwischensumme der Positionen unter 2.30 | AA45: =SUM(AA43:AA44) -> 0 | AB45: =SUM(AB43:AB44) -> 0 | AC45: =SUM(AC43:AC44) -> 0 | AD45: =SUM(AD43:AD44) -> 0 | AE45: =SUM(AE43:AE44) -> 0 | AF45: =SUM(AF43:AF44) -> 0 | AI45: Zwischensumme der Positionen unter 2.30 | AL45: =SUM(AL43:AL44) -> 0 | AM45: =SUM(AM43:AM44) -> 0 | AN45: =SUM(AN43:AN44) -> 0 | AO45: =SUM(AO43:AO44) -> 0 | AP45: =SUM(AP43:AP44) -> 0 | AQ45: =SUM(AQ43:AQ44) -> 0
A46: 4.11 | B46: Gehälter Technische Angestellte inkl. Lohnfolgekosten | F46: =E46*F$10 -> 0 | H46: =G46*H$10 -> 0 | J46: =I46*J$10 -> 0 | M46: Summe lohngebundene Kosten (Σ 2.10-2.30) | P46: =SUM(P29,P41,P45) -> 0 | Q46: =SUM(Q28,Q41,Q45) -> 0 | R46: =SUM(R29,R41,R45) -> 0 | S46: =SUM(S28,S41,S45) -> 0 | T46: =SUM(T29,T41,T45) -> 0 | U46: =SUM(U28,U41,U45) -> 0 | X46: Summe lohngebundene Kosten (Σ 2.10-2.30) | AA46: =SUM(AA29,AA41,AA45) -> 0 | AB46: =SUM(AB28,AB41,AB45) -> 0 | AC46: =SUM(AC29,AC41,AC45) -> 0 | AD46: =SUM(AD28,AD41,AD45) -> 0 | AE46: =SUM(AE29,AE41,AE45) -> 0 | AF46: =SUM(AF28,AF41,AF45) -> 0 | AI46: Summe lohngebundene Kosten (Σ 2.10-2.30) | AL46: =SUM(AL29,AL41,AL45) -> 0 | AM46: =SUM(AM28,AM41,AM45) -> 0 | AN46: =SUM(AN29,AN41,AN45) -> 0 | AO46: =SUM(AO28,AO41,AO45) -> 0 | AP46: =SUM(AP29,AP41,AP45) -> 0 | AQ46: =SUM(AQ28,AQ41,AQ45) -> 0
A47: 4.12 | B47: Gehälter Kaufmännische Angestellte inkl. Lohnfolgekosten | F47: =E47*F$10 -> 0 | H47: =G47*H$10 -> 0 | J47: =I47*J$10 -> 0 | L47: 3.00 | M47: Sonstige auftragsbezogene Kosten | W47: 3.00 | X47: Sonstige auftragsbezogene Kosten | AH47: 3.00 | AI47: Sonstige auftragsbezogene Kosten
A48: 4.20 | B48: Fuhrparkkosten | F48: =E48*F$10 -> 0 | H48: =G48*H$10 -> 0 | J48: =I48*J$10 -> 0 | L48: 3.10 | M48: Löhne für Aufsichten / Vorarbeiter inkl. sozialer Folgekosten | Q48: =P48*Q$10 -> 0 | S48: =ROUND(R48*S$10,2) -> 0 | U48: =ROUND(T48*U$10,2) -> 0 | W48: 3.10 | X48: Löhne für Aufsichten / Vorarbeiter inkl. sozialer Folgekosten | AB48: =AA48*AB$10 -> 0 | AD48: =ROUND(AC48*AD$10,2) -> 0 | AF48: =ROUND(AE48*AF$10,2) -> 0 | AH48: 3.10 | AI48: Löhne für Aufsichten / Vorarbeiter inkl. sozialer Folgekosten | AM48: =AL48*AM$10 -> 0 | AO48: =ROUND(AN48*AO$10,2) -> 0 | AQ48: =ROUND(AP48*AQ$10,2) -> 0
A49: 4.30 | B49: Fertigungshilfskosten | L49: 3.20 | M49: Fahrtkostenzuschuss | Q49: =P49*Q$10 -> 0 | S49: =ROUND(R49*S$10,2) -> 0 | U49: =ROUND(T49*U$10,2) -> 0 | W49: 3.20 | X49: Fahrtkostenzuschuss | AB49: =AA49*AB$10 -> 0 | AD49: =ROUND(AC49*AD$10,2) -> 0 | AF49: =ROUND(AE49*AF$10,2) -> 0 | AH49: 3.20 | AI49: Fahrtkostenzuschuss | AM49: =AL49*AM$10 -> 0 | AO49: =ROUND(AN49*AO$10,2) -> 0 | AQ49: =ROUND(AP49*AQ$10,2) -> 0
A50: 4.31 | B50: Löhne Hilfsdienste inkl. Lohnfolgekosten | F50: =E50*F$10 -> 0 | H50: =G50*H$10 -> 0 | J50: =I50*J$10 -> 0 | L50: 3.30 | M50: Fertigungsmaterial, Maschinen und Geräte, Afa etc. | Q50: =P50*Q$10 -> 0 | S50: =ROUND(R50*S$10,2) -> 0 | U50: =ROUND(T50*U$10,2) -> 0 | W50: 3.30 | X50: Fertigungsmaterial, Maschinen und Geräte, Afa etc. | AB50: =AA50*AB$10 -> 0 | AD50: =ROUND(AC50*AD$10,2) -> 0 | AF50: =ROUND(AE50*AF$10,2) -> 0 | AH50: 3.30 | AI50: Fertigungsmaterial, Maschinen und Geräte, Afa etc. | AM50: =AL50*AM$10 -> 0 | AO50: =ROUND(AN50*AO$10,2) -> 0 | AQ50: =ROUND(AP50*AQ$10,2) -> 0
A51: 4.32 | B51: Sonstige Betriebskosten | F51: =E51*F$10 -> 0 | H51: =G51*H$10 -> 0 | J51: =I51*J$10 -> 0 | L51: 3.40 | M51: Sondereinzelkosten | Q51: =P51*Q$10 -> 0 | S51: =ROUND(R51*S$10,2) -> 0 | U51: =ROUND(T51*U$10,2) -> 0 | W51: 3.40 | X51: Sondereinzelkosten | AB51: =AA51*AB$10 -> 0 | AD51: =ROUND(AC51*AD$10,2) -> 0 | AF51: =ROUND(AE51*AF$10,2) -> 0 | AH51: 3.40 | AI51: Sondereinzelkosten | AM51: =AL51*AM$10 -> 0 | AO51: =ROUND(AN51*AO$10,2) -> 0 | AQ51: =ROUND(AP51*AQ$10,2) -> 0
A52: 4.40 | B52: Schwerbehindertenabgabe | F52: =E52*F$10 -> 0 | H52: =G52*H$10 -> 0 | J52: =I52*J$10 -> 0 | M52: Summe sonstige auftragsbezogene Kosten (Σ 3.10-3.40) | P52: =SUM(P48:P51) -> 0 | Q52: =SUM(Q48:Q51) -> 0 | R52: =SUM(R48:R51) -> 0 | S52: =SUM(S48:S51) -> 0 | T52: =SUM(T48:T51) -> 0 | U52: =SUM(U48:U51) -> 0 | X52: Summe sonstige auftragsbezogene Kosten (Σ 3.10-3.40) | AA52: =SUM(AA48:AA51) -> 0 | AB52: =SUM(AB48:AB51) -> 0 | AC52: =SUM(AC48:AC51) -> 0 | AD52: =SUM(AD48:AD51) -> 0 | AE52: =SUM(AE48:AE51) -> 0 | AF52: =SUM(AF48:AF51) -> 0 | AI52: Summe sonstige auftragsbezogene Kosten (Σ 3.10-3.40) | AL52: =SUM(AL48:AL51) -> 0 | AM52: =SUM(AM48:AM51) -> 0 | AN52: =SUM(AN48:AN51) -> 0 | AO52: =SUM(AO48:AO51) -> 0 | AP52: =SUM(AP48:AP51) -> 0 | AQ52: =SUM(AQ48:AQ51) -> 0
A53: 4.50 | B53: Sonstige Verwaltungskosten | F53: =E53*F$10 -> 0 | H53: =G53*H$10 -> 0 | J53: =I53*J$10 -> 0 | L53: 4.00 | M53: Unternehmensbezogene Kosten | W53: 4.00 | X53: Unternehmensbezogene Kosten | AH53: 4.00 | AI53: Unternehmensbezogene Kosten
A54: 4.60 | B54: Betriebsratskosten | F54: =E54*F$10 -> 0 | H54: =G54*H$10 -> 0 | J54: =I54*J$10 -> 0 | L54: 4.10 | M54: Gehälter | W54: 4.10 | X54: Gehälter | AH54: 4.10 | AI54: Gehälter
A55: 4.70 | B55: Sonstige Kosten (Verbandsbeiträge, Zertifizierung etc.) | F55: =E55*F$10 -> 0 | H55: =G55*H$10 -> 0 | J55: =I55*J$10 -> 0 | L55: 4.11 | M55: Gehälter Technische Angestellte inkl. Lohnfolgekosten | Q55: =P55*Q$10 -> 0 | S55: =R55*S$10 -> 0 | U55: =T55*U$10 -> 0 | W55: 4.11 | X55: Gehälter Technische Angestellte inkl. Lohnfolgekosten | AB55: =AA55*AB$10 -> 0 | AD55: =AC55*AD$10 -> 0 | AF55: =AE55*AF$10 -> 0 | AH55: 4.11 | AI55: Gehälter Technische Angestellte inkl. Lohnfolgekosten | AM55: =AL55*AM$10 -> 0 | AO55: =AN55*AO$10 -> 0 | AQ55: =AP55*AQ$10 -> 0
A56: 4.80 | B56: Vorfinanzierung Sozialversicherungsbeiträge | F56: =E56*F$10 -> 0 | H56: =G56*H$10 -> 0 | J56: =I56*J$10 -> 0 | L56: 4.12 | M56: Gehälter Kaufmännische Angestellte inkl. Lohnfolgekosten | Q56: =P56*Q$10 -> 0 | S56: =R56*S$10 -> 0 | U56: =T56*U$10 -> 0 | W56: 4.12 | X56: Gehälter Kaufmännische Angestellte inkl. Lohnfolgekosten | AB56: =AA56*AB$10 -> 0 | AD56: =AC56*AD$10 -> 0 | AF56: =AE56*AF$10 -> 0 | AH56: 4.12 | AI56: Gehälter Kaufmännische Angestellte inkl. Lohnfolgekosten | AM56: =AL56*AM$10 -> 0 | AO56: =AN56*AO$10 -> 0 | AQ56: =AP56*AQ$10 -> 0
B57: Summe unternehmensbezogene Kosten (Σ 4.10-4.80) | E57: =SUM(E46:E56) -> 0 | F57: =SUM(F46:F56) -> 0 | G57: =SUM(G46:G56) -> 0 | H57: =SUM(H46:H56) -> 0 | I57: =SUM(I46:I56) -> 0 | J57: =SUM(J46:J56) -> 0 | L57: 4.20 | M57: Fuhrparkkosten | Q57: =P57*Q$10 -> 0 | S57: =R57*S$10 -> 0 | U57: =T57*U$10 -> 0 | W57: 4.20 | X57: Fuhrparkkosten | AB57: =AA57*AB$10 -> 0 | AD57: =AC57*AD$10 -> 0 | AF57: =AE57*AF$10 -> 0 | AH57: 4.20 | AI57: Fuhrparkkosten | AM57: =AL57*AM$10 -> 0 | AO57: =AN57*AO$10 -> 0 | AQ57: =AP57*AQ$10 -> 0
A58: 5.00 | B58: Selbstkosten (Σ 1.00-4.80) | E58: =SUM(E10,E37,E43,E57) -> 1 | F58: =SUM(F10,F37,F43,F57) -> 0 | G58: =SUM(G10,G37,G43,G57) -> 1 | H58: =SUM(H10,H37,H43,H57) -> 0 | I58: =SUM(I10,I37,I43,I57) -> 1 | J58: =SUM(J10,J37,J43,J57) -> 0 | L58: 4.30 | M58: Fertigungshilfskosten | W58: 4.30 | X58: Fertigungshilfskosten | AH58: 4.30 | AI58: Fertigungshilfskosten
A59: 6.00 | B59: Gewerbesteuer auf die Selbstkosten | F59: =E59*F$58 -> 0 | H59: =G59*H$58 -> 0 | J59: =I59*J$58 -> 0 | L59: 4.31 | M59: Löhne Hilfsdienste inkl. Lohnfolgekosten | Q59: =P59*Q$10 -> 0 | S59: =R59*S$10 -> 0 | U59: =T59*U$10 -> 0 | W59: 4.31 | X59: Löhne Hilfsdienste inkl. Lohnfolgekosten | AB59: =AA59*AB$10 -> 0 | AD59: =AC59*AD$10 -> 0 | AF59: =AE59*AF$10 -> 0 | AH59: 4.31 | AI59: Löhne Hilfsdienste inkl. Lohnfolgekosten | AM59: =AL59*AM$10 -> 0 | AO59: =AN59*AO$10 -> 0 | AQ59: =AP59*AQ$10 -> 0
A60: 7.00 | B60: Wagnis- / Gewinnzuschlag auf die Selbstkosten | F60: =E60*F$58 -> 0 | H60: =G60*H$58 -> 0 | J60: =I60*J$58 -> 0 | L60: 4.32 | M60: Sonstige Betriebskosten | Q60: =P60*Q$10 -> 0 | S60: =R60*S$10 -> 0 | U60: =T60*U$10 -> 0 | W60: 4.32 | X60: Sonstige Betriebskosten | AB60: =AA60*AB$10 -> 0 | AD60: =AC60*AD$10 -> 0 | AF60: =AE60*AF$10 -> 0 | AH60: 4.32 | AI60: Sonstige Betriebskosten | AM60: =AL60*AM$10 -> 0 | AO60: =AN60*AO$10 -> 0 | AQ60: =AP60*AQ$10 -> 0
B61: Stundenverrechnungssatz in € = Summe (Σ 5.00-7.00) | F61: =SUM(F$58:F$60) -> 0 | H61: =SUM(H$58:H$60) -> 0 | J61: =SUM(J$58:J$60) -> 0 | L61: 4.40 | M61: Schwerbehindertenabgabe | Q61: =P61*Q$10 -> 0 | S61: =R61*S$10 -> 0 | U61: =T61*U$10 -> 0 | W61: 4.40 | X61: Schwerbehindertenabgabe | AB61: =AA61*AB$10 -> 0 | AD61: =AC61*AD$10 -> 0 | AF61: =AE61*AF$10 -> 0 | AH61: 4.40 | AI61: Schwerbehindertenabgabe | AM61: =AL61*AM$10 -> 0 | AO61: =AN61*AO$10 -> 0 | AQ61: =AP61*AQ$10 -> 0
B62: Aufschlag auf den produktiven Stundenlohn in % | E62: =IF(AND(F$61<>0,F$10<>""),IF(F$61/F$10-1>0,F$61/F$10-1,0),0) -> 0 | G62: =IF(AND(H$61<>0,H$10<>""),IF(H$61/H$10-1>0,H$61/H$10-1,0),0) -> 0 | I62: =IF(AND(J$61<>0,J$10<>""),IF(J$61/J$10-1>0,J$61/J$10-1,0),0) -> 0 | L62: 4.50 | M62: Sonstige Verwaltungskosten | Q62: =P62*Q$10 -> 0 | S62: =R62*S$10 -> 0 | U62: =T62*U$10 -> 0 | W62: 4.50 | X62: Sonstige Verwaltungskosten | AB62: =AA62*AB$10 -> 0 | AD62: =AC62*AD$10 -> 0 | AF62: =AE62*AF$10 -> 0 | AH62: 4.50 | AI62: Sonstige Verwaltungskosten | AM62: =AL62*AM$10 -> 0 | AO62: =AN62*AO$10 -> 0 | AQ62: =AP62*AQ$10 -> 0
B63: Lohnkostenanteil am STVS in % (Σ 1.00, 2.10-2.30, 3.10, 4.11, 4.12, 4.31)/STVS | E63: =IF(E62<>0,SUM(E10,E37,E39,E46,E47,E50)/(E62+1),0) -> 0 | G63: =IF(G62<>0,SUM(G10,G37,G39,G46,G47,G50)/(G62+1),0) -> 0 | I63: =IF(I62<>0,SUM(I10,I37,I39,I46,I47,I50)/(I62+1),0) -> 0 | L63: 4.60 | M63: Betriebsratskosten | Q63: =P63*Q$10 -> 0 | S63: =R63*S$10 -> 0 | U63: =T63*U$10 -> 0 | W63: 4.60 | X63: Betriebsratskosten | AB63: =AA63*AB$10 -> 0 | AD63: =AC63*AD$10 -> 0 | AF63: =AE63*AF$10 -> 0 | AH63: 4.60 | AI63: Betriebsratskosten | AM63: =AL63*AM$10 -> 0 | AO63: =AN63*AO$10 -> 0 | AQ63: =AP63*AQ$10 -> 0
A64: 8.00 | B64: Anteil Sozialversicherungsbeschäftigte / Midijobber / Minijobber Die Summe muss 100% betragen. | L64: 4.70 | M64: Sonstige Kosten (Verbandsbeiträge, Zertifizierung etc.) | Q64: =P64*Q$10 -> 0 | S64: =R64*S$10 -> 0 | U64: =T64*U$10 -> 0 | W64: 4.70 | X64: Sonstige Kosten (Verbandsbeiträge, Zertifizierung etc.) | AB64: =AA64*AB$10 -> 0 | AD64: =AC64*AD$10 -> 0 | AF64: =AE64*AF$10 -> 0 | AH64: 4.70 | AI64: Sonstige Kosten (Verbandsbeiträge, Zertifizierung etc.) | AM64: =AL64*AM$10 -> 0 | AO64: =AN64*AO$10 -> 0 | AQ64: =AP64*AQ$10 -> 0
A65: 9.00 | B65: Stundenverrechnungssatz für den Übertrag ins Preisblatt | E65: =IF(AND(E64+G64+I64=1,F61<>"",H61<>"",J61<>"",E64>=0,G64>=0,I64>=0),F61*E64+H61*G64+J61*I64,0) -> 0 | L65: 4.80 | M65: Vorfinanzierung Sozialversicherungsbeiträge | Q65: =P65*Q$10 -> 0 | S65: =R65*S$10 -> 0 | U65: =T65*U$10 -> 0 | W65: 4.80 | X65: Vorfinanzierung Sozialversicherungsbeiträge | AB65: =AA65*AB$10 -> 0 | AD65: =AC65*AD$10 -> 0 | AF65: =AE65*AF$10 -> 0 | AH65: 4.80 | AI65: Vorfinanzierung Sozialversicherungsbeiträge | AM65: =AL65*AM$10 -> 0 | AO65: =AN65*AO$10 -> 0 | AQ65: =AP65*AQ$10 -> 0
M66: Summe unternehmensbezogene Kosten (Σ 4.10-4.80) | P66: =SUM(P55:P65) -> 0 | Q66: =SUM(Q55:Q65) -> 0 | R66: =SUM(R55:R65) -> 0 | S66: =SUM(S55:S65) -> 0 | T66: =SUM(T55:T65) -> 0 | U66: =SUM(U55:U65) -> 0 | X66: Summe unternehmensbezogene Kosten (Σ 4.10-4.80) | AA66: =SUM(AA55:AA65) -> 0 | AB66: =SUM(AB55:AB65) -> 0 | AC66: =SUM(AC55:AC65) -> 0 | AD66: =SUM(AD55:AD65) -> 0 | AE66: =SUM(AE55:AE65) -> 0 | AF66: =SUM(AF55:AF65) -> 0 | AI66: Summe unternehmensbezogene Kosten (Σ 4.10-4.80) | AL66: =SUM(AL55:AL65) -> 0 | AM66: =SUM(AM55:AM65) -> 0 | AN66: =SUM(AN55:AN65) -> 0 | AO66: =SUM(AO55:AO65) -> 0 | AP66: =SUM(AP55:AP65) -> 0 | AQ66: =SUM(AQ55:AQ65) -> 0
L67: 5.00 | M67: Selbstkosten (Σ 1.00-4.80) | P67: =SUM(P10,P11,P46,P52,P66) -> 1 | Q67: =ROUND(SUM(Q10,Q11,Q46,Q52,Q66),2) -> 0 | R67: =SUM(R10,R11,R46,R52,R66) -> 1 | S67: =ROUND(SUM(S10,S11,S46,S52,S66),2) -> 0 | T67: =SUM(T10,T11,T46,T52,T66) -> 1 | U67: =ROUND(SUM(U10,U11,U46,U52,U66),2) -> 0 | W67: 5.00 | X67: Selbstkosten (Σ 1.00-4.80) | AA67: =SUM(AA10,AA11,AA46,AA52,AA66) -> 1 | AB67: =ROUND(SUM(AB10,AB11,AB46,AB52,AB66),2) -> 0 | AC67: =SUM(AC10,AC11,AC46,AC52,AC66) -> 1 | AD67: =ROUND(SUM(AD10,AD11,AD46,AD52,AD66),2) -> 0 | AE67: =SUM(AE10,AE11,AE46,AE52,AE66) -> 1 | AF67: =ROUND(SUM(AF10,AF11,AF46,AF52,AF66),2) -> 0 | AH67: 5.00 | AI67: Selbstkosten (Σ 1.00-4.80) | AL67: =SUM(AL10,AL11,AL46,AL52,AL66) -> 1 | AM67: =ROUND(SUM(AM10,AM11,AM46,AM52,AM66),2) -> 0 | AN67: =SUM(AN10,AN11,AN46,AN52,AN66) -> 1 | AO67: =ROUND(SUM(AO10,AO11,AO46,AO52,AO66),2) -> 0 | AP67: =SUM(AP10,AP11,AP46,AP52,AP66) -> 1 | AQ67: =ROUND(SUM(AQ10,AQ11,AQ46,AQ52,AQ66),2) -> 0
L68: 6.00 | M68: Gewerbesteuer auf die Selbstkosten | Q68: =P68*Q$67 -> 0 | S68: =R68*S$67 -> 0 | U68: =T68*U$67 -> 0 | W68: 6.00 | X68: Gewerbesteuer auf die Selbstkosten | AB68: =AA68*AB$67 -> 0 | AD68: =AC68*AD$67 -> 0 | AF68: =AE68*AF$67 -> 0 | AH68: 6.00 | AI68: Gewerbesteuer auf die Selbstkosten | AM68: =AL68*AM$67 -> 0 | AO68: =AN68*AO$67 -> 0 | AQ68: =AP68*AQ$67 -> 0
L69: 7.00 | M69: Wagnis- / Gewinnzuschlag auf die Selbstkosten | Q69: =P69*Q$67 -> 0 | S69: =R69*S$67 -> 0 | U69: =T69*U$67 -> 0 | W69: 7.00 | X69: Wagnis- / Gewinnzuschlag auf die Selbstkosten | AB69: =AA69*AB$67 -> 0 | AD69: =AC69*AD$67 -> 0 | AF69: =AE69*AF$67 -> 0 | AH69: 7.00 | AI69: Wagnis- / Gewinnzuschlag auf die Selbstkosten | AM69: =AL69*AM$67 -> 0 | AO69: =AN69*AO$67 -> 0 | AQ69: =AP69*AQ$67 -> 0
M70: Stundenverrechnungssatz in € = Summe (Σ 5.00-7.00) | Q70: =SUM(Q$67:Q$69) -> 0 | S70: =SUM(S$67:S$69) -> 0 | U70: =SUM(U$67:U$69) -> 0 | X70: Stundenverrechnungssatz in € = Summe (Σ 5.00-7.00) | AB70: =SUM(AB$67:AB$69) -> 0 | AD70: =SUM(AD$67:AD$69) -> 0 | AF70: =SUM(AF$67:AF$69) -> 0 | AI70: Stundenverrechnungssatz in € = Summe (Σ 5.00-7.00) | AM70: =SUM(AM$67:AM$69) -> 0 | AO70: =SUM(AO$67:AO$69) -> 0 | AQ70: =SUM(AQ$67:AQ$69) -> 0
M71: Aufschlag auf den produktiven Stundenlohn | P71: =IF(AND(Q$70<>0,Q$10<>""),IF(Q$70/Q$10-1>0,Q$70/Q$10-1,0),0) -> 0 | Q71: =Q70-Q10 -> 0 | R71: =IF(AND(S$70<>0,S$10<>""),IF(S$70/S$10-1>0,S$70/S$10-1,0),0) -> 0 | S71: =S70-S10 -> 0 | T71: =IF(AND(U$70<>0,U$10<>""),IF(U$70/U$10-1>0,U$70/U$10-1,0),0) -> 0 | U71: =U70-U10 -> 0 | X71: Aufschlag auf den produktiven Stundenlohn | AA71: =IF(AND(AB$70<>0,AB$10<>""),IF(AB$70/AB$10-1>0,AB$70/AB$10-1,0),0) -> 0 | AB71: =AB70-AB10 -> 0 | AC71: =IF(AND(AD$70<>0,AD$10<>""),IF(AD$70/AD$10-1>0,AD$70/AD$10-1,0),0) -> 0 | AD71: =AD70-AD10 -> 0 | AE71: =IF(AND(AF$70<>0,AF$10<>""),IF(AF$70/AF$10-1>0,AF$70/AF$10-1,0),0) -> 0 | AF71: =AF70-AF10 -> 0 | AI71: Aufschlag auf den produktiven Stundenlohn | AL71: =IF(AND(AM$70<>0,AM$10<>""),IF(AM$70/AM$10-1>0,AM$70/AM$10-1,0),0) -> 0 | AM71: =AM70-AM10 -> 0 | AN71: =IF(AND(AO$70<>0,AO$10<>""),IF(AO$70/AO$10-1>0,AO$70/AO$10-1,0),0) -> 0 | AO71: =AO70-AO10 -> 0 | AP71: =IF(AND(AQ$70<>0,AQ$10<>""),IF(AQ$70/AQ$10-1>0,AQ$70/AQ$10-1,0),0) -> 0 | AQ71: =AQ70-AQ10 -> 0
M72: Lohnkostenanteil am STVS in % (Σ 1.00, 2.10-2.30, 3.10, 4.11, 4.12, 4.31)/STVS | P72: =IF(Q70<>0,Q72/Q70,0) -> 0 | Q72: =SUM(Q10,Q11,Q46,Q48,Q55,Q56,Q59) -> 0 | R72: =IF(S70<>0,S72/S70,0) -> 0 | S72: =SUM(S10,S11,S46,S48,S55,S56,S59) -> 0 | T72: =IF(U70<>0,U72/U70,0) -> 0 | U72: =SUM(U10,U11,U46,U48,U55,U56,U59) -> 0 | X72: Lohnkostenanteil am STVS in % (Σ 1.00, 2.10-2.30, 3.10, 4.11, 4.12, 4.31)/STVS | AA72: =IF(AB70<>0,AB72/AB70,0) -> 0 | AB72: =SUM(AB10,AB11,AB46,AB48,AB55,AB56,AB59) -> 0 | AC72: =IF(AD70<>0,AD72/AD70,0) -> 0 | AD72: =SUM(AD10,AD11,AD46,AD48,AD55,AD56,AD59) -> 0 | AE72: =IF(AF70<>0,AF72/AF70,0) -> 0 | AF72: =SUM(AF10,AF11,AF46,AF48,AF55,AF56,AF59) -> 0 | AI72: Lohnkostenanteil am STVS in % (Σ 1.00, 2.10-2.30, 3.10, 4.11, 4.12, 4.31)/STVS | AL72: =IF(AM70<>0,AM72/AM70,0) -> 0 | AM72: =SUM(AM10,AM11,AM46,AM48,AM55,AM56,AM59) -> 0 | AN72: =IF(AO70<>0,AO72/AO70,0) -> 0 | AO72: =SUM(AO10,AO11,AO46,AO48,AO55,AO56,AO59) -> 0 | AP72: =IF(AQ70<>0,AQ72/AQ70,0) -> 0 | AQ72: =SUM(AQ10,AQ11,AQ46,AQ48,AQ55,AQ56,AQ59) -> 0
L73: 8.00 | M73: Anteil Sozialversicherungsbeschäftigte / Midijobber / Minijobber Die Summe muss 100% betragen. | W73: 8.00 | X73: Anteil Sozialversicherungsbeschäftigte / Midijobber / Minijobber Die Summe muss 100% betragen. | AH73: 8.00 | AI73: Anteil Sozialversicherungsbeschäftigte / Midijobber / Minijobber Die Summe muss 100% betragen.
L74: 9.00 | M74: Stundenverrechnungssatz für den Übertrag ins Preisblatt | P74: =IF(AND(P73+R73+T73=1,Q70<>"",S70<>"",U70<>"",P73>=0,R73>=0,T73>=0),Q70*P73+S70*R73+U70*T73,0) -> 0 | W74: 9.00 | X74: Stundenverrechnungssatz für den Übertrag ins Preisblatt | AA74: =IF(AND(AA73+AC73+AE73=1,AB70<>"",AD70<>"",AF70<>"",AA73>=0,AC73>=0,AE73>=0),AB70*AA73+AD70*AC73+AF70*AE73,0) -> 0 | AH74: 9.00 | AI74: Stundenverrechnungssatz für den Übertrag ins Preisblatt | AL74: =IF(AND(AL73+AN73+AP73=1,AM70<>"",AO70<>"",AQ70<>"",AL73>=0,AN73>=0,AP73>=0),AM70*AL73+AO70*AN73+AQ70*AP73,0) -> 0

Sheet Stundenverrechnungssätze VR
A1: Stundenverrechnungssatz Mona Mare
A5: Bearbeitungshinweise: | C5: Farblich grün hinterlegte Felder sind zu bearbeiten | G5: Unterhaltsreinigung (Werktag) | L5: Bearbeitungshinweise: | N5: Farblich grün hinterlegte Felder sind zu bearbeiten | R5: Unterhaltsreinigung (Sonn-/Feiertag)
A6: In den Positionen 2 bis 4 sind Prozentsätze vom produktiven Stundenlohn einzutragen. | L6: In den Positionen 2 bis 4 sind Prozentsätze vom produktiven Stundenlohn bzw. auf den Zuschlag einzutragen.
A7: In den Positionen 6 bis 7 sind Prozentsätze von den Selbstkosten einzutragen. | L7: In den Positionen 6 bis 7 sind Prozentsätze von den Selbstkosten einzutragen.
A8: Pos. | B8: Bezeichnung | E8: Sozialversicherungspfl. Beschäftigte | G8: Midijobber | I8: Minijobber | L8: Pos. | M8: Bezeichnung | P8: Sozialversicherungspfl. Beschäftigte | R8: Midijobber | T8: Minijobber
E9: % | F9: € | G9: % | H9: € | I9: % | J9: € | P9: % | Q9: € | R9: % | S9: € | T9: % | U9: €
A10: 1.00 | B10: Produktiver Stundenlohn | E10: 1 | G10: 1 | I10: 1 | L10: 1.00 | M10: Produktiver Stundenlohn | P10: 1 | R10: 1 | T10: 1
A11: 2.00 | B11: Lohngebundene Kosten | L11: 1.10 | M11: Zuschlag Sonn- und Feiertag | Q11: =IF(P11>0,ROUND(Q10*P11,2),0) -> 0 | S11: =IF(R11>0,ROUND(S10*R11,2),0) -> 0 | U11: =IF(T11>0,ROUND(U10*T11,2),0) -> 0
A12: 2.10 | B12: Sozialversicherungsbeiträge (Arbeitgeberanteil) | L12: 2.00 | M12: Lohngebundene Kosten
A13: 2.11 | B13: Krankenversicherung | F13: =E13*F$10 -> 0 | H13: =G13*H$10 -> 0 | J13: =I13*J$10 -> 0 | L13: 2.10 | M13: Sozialversicherungsbeiträge (Arbeitgeberanteil)
A14: 2.12 | B14: Rentenversicherung | F14: =E14*F$10 -> 0 | H14: =G14*H$10 -> 0 | J14: =I14*J$10 -> 0 | L14: 2.11 | M14: Krankenversicherung | Q14: =P14*Q$10 -> 0 | S14: =R14*S$10 -> 0 | U14: =T14*U$10 -> 0
A15: 2.13 | B15: Arbeitslosenversicherung | F15: =E15*F$10 -> 0 | H15: =G15*H$10 -> 0 | J15: =I15*J$10 -> 0 | M15: Krankenversicherung auf Zuschlag | Q15: =P15*Q$11 -> 0 | S15: =R15*S$11 -> 0 | U15: =T15*U$11 -> 0
A16: 2.14 | B16: Pflegeversicherung | F16: =E16*F$10 -> 0 | H16: =G16*H$10 -> 0 | J16: =I16*J$10 -> 0 | L16: 2.12 | M16: Rentenversicherung | Q16: =P16*Q$10 -> 0 | S16: =R16*S$10 -> 0 | U16: =T16*U$10 -> 0
A17: 2.15 | B17: U2 Mutterschaftsaufwendung | F17: =E17*F$10 -> 0 | H17: =G17*H$10 -> 0 | J17: =I17*J$10 -> 0 | M17: Rentenversicherung auf Zuschlag | Q17: =P17*Q$11 -> 0 | S17: =R17*S$11 -> 0 | U17: =T17*U$11 -> 0
A18: 2.16 | B18: U3 Insolvenzgeldumlage | F18: =E18*F$10 -> 0 | H18: =G18*H$10 -> 0 | J18: =I18*J$10 -> 0 | L18: 2.13 | M18: Arbeitslosenversicherung | Q18: =P18*Q$10 -> 0 | S18: =R18*S$10 -> 0 | U18: =T18*U$10 -> 0
A19: 2.17 | B19: Gesetzliche Unfallversicherung | F19: =E19*F$10 -> 0 | H19: =G19*H$10 -> 0 | J19: =I19*J$10 -> 0 | M19: Arbeitslosenversicherung auf Zuschlag | Q19: =P19*Q$11 -> 0 | S19: =R19*S$11 -> 0 | U19: =T19*U$11 -> 0
B20: Zwischensumme der Positionen unter 2.10 | E20: =SUM(E13:E19) -> 0 | F20: =SUM(F13:F19) -> 0 | G20: =SUM(G13:G19) -> 0 | H20: =SUM(H13:H19) -> 0 | I20: =SUM(I13:I19) -> 0 | J20: =SUM(J13:J19) -> 0 | L20: 2.14 | M20: Pflegeversicherung | Q20: =P20*Q$10 -> 0 | S20: =R20*S$10 -> 0 | U20: =T20*U$10 -> 0
A21: 2.20 | B21: Soziallöhne | M21: Pflegeversicherung auf Zuschlag | Q21: =P21*Q$11 -> 0 | S21: =R21*S$11 -> 0 | U21: =T21*U$11 -> 0
A22: 2.21 | B22: Gesetzliche Feiertage | F22: =E22*F$10 -> 0 | H22: =G22*H$10 -> 0 | J22: =I22*J$10 -> 0 | L22: 2.15 | M22: U2 Mutterschaftsaufwendung | Q22: =P22*Q$10 -> 0 | S22: =R22*S$10 -> 0 | U22: =T22*U$10 -> 0
B23: Sozialversicherung auf Pos. 2.21 | F23: =E23*F$10 -> 0 | H23: =G23*H$10 -> 0 | J23: =I23*J$10 -> 0 | M23: U2 Mutterschaftsaufwendung auf Zuschlag | Q23: =P23*Q$11 -> 0 | S23: =R23*S$11 -> 0 | U23: =T23*U$11 -> 0
A24: 2.22 | B24: Urlaubsentgeld | F24: =E24*F$10 -> 0 | H24: =G24*H$10 -> 0 | J24: =I24*J$10 -> 0 | L24: 2.16 | M24: U3 Insolvenzgeldumlage | Q24: =P24*Q$10 -> 0 | S24: =R24*S$10 -> 0 | U24: =T24*U$10 -> 0
B25: Sozialversicherung auf Pos. 2.22 | F25: =E25*F$10 -> 0 | H25: =G25*H$10 -> 0 | J25: =I25*J$10 -> 0 | M25: U3 Insolvenzgeldumlage auf Zuschlag | Q25: =P25*Q$11 -> 0 | S25: =R25*S$11 -> 0 | U25: =T25*U$11 -> 0
A26: 2.23 | B26: Arbeitsfreistellung | F26: =E26*F$10 -> 0 | H26: =G26*H$10 -> 0 | J26: =I26*J$10 -> 0 | L26: 2.17 | M26: Gesetzliche Unfallversicherung | Q26: =P26*Q$10 -> 0 | S26: =R26*S$10 -> 0 | U26: =T26*U$10 -> 0
B27: Sozialversicherung auf Pos. 2.23 | F27: =E27*F$10 -> 0 | H27: =G27*H$10 -> 0 | J27: =I27*J$10 -> 0 | M27: Gesetzliche Unfallversicherung auf Zuschlag | Q27: =P27*Q$11 -> 0 | S27: =R27*S$11 -> 0 | U27: =T27*U$11 -> 0
A28: 2.24 | B28: Lohnfortzahlung im Krankheitsfall | F28: =E28*F$10 -> 0 | H28: =G28*H$10 -> 0 | J28: =I28*J$10 -> 0 | M28: Zwischensumme der Positionen unter 2.10 | Q28: =SUM(Q14:Q27) -> 0 | S28: =SUM(S14:S27) -> 0 | U28: =SUM(U14:U27) -> 0
B29: Sozialversicherung auf Pos. 2.24 | F29: =E29*F$10 -> 0 | H29: =G29*H$10 -> 0 | J29: =I29*J$10 -> 0 | M29: Summe Sozialversicherungsbeiträge auf den produktiven Stundenlohn | P29: =IF($F$10<>0,Q28/$F$10,0) -> 0 | R29: =IF($H$10<>0,S28/$H$10,0) -> 0 | T29: =IF($J$10<>0,U28/$J$10,0) -> 0
A30: 2.25 | B30: Zusätzliches Urlaubsgeld | F30: =E30*F$10 -> 0 | H30: =G30*H$10 -> 0 | J30: =I30*J$10 -> 0 | L30: 2.20 | M30: Soziallöhne
B31: Sozialversicherung auf Pos. 2.25 | F31: =E31*F$10 -> 0 | H31: =G31*H$10 -> 0 | J31: =I31*J$10 -> 0 | L31: 2.21 | M31: Gesetzliche Feiertage | Q31: =P31*Q$10 -> 0 | S31: =R31*S$10 -> 0 | U31: =T31*U$10 -> 0
B32: Zwischensumme Soziallöhne inkl. SV-Beiträge auf Soziallöhne | E32: =SUM(E22:E31) -> 0 | F32: =SUM(F22:F31) -> 0 | G32: =SUM(G22:G31) -> 0 | H32: =SUM(H22:H31) -> 0 | I32: =SUM(I22:I31) -> 0 | J32: =SUM(J22:J31) -> 0 | M32: Sozialversicherung auf Pos. 2.21 | Q32: =P32*Q$10 -> 0 | S32: =R32*S$10 -> 0 | U32: =T32*U$10 -> 0
A33: 2.30 | B33: Zusätzliche lohngebundene Kosten | L33: 2.22 | M33: Urlaubsentgeld | Q33: =P33*Q$10 -> 0 | S33: =R33*S$10 -> 0 | U33: =T33*U$10 -> 0
A34: 2.31 | B34: Haftpflichtversicherung | F34: =E34*F$10 -> 0 | H34: =G34*H$10 -> 0 | J34: =I34*J$10 -> 0 | M34: Sozialversicherung auf Pos. 2.22 | Q34: =P34*Q$10 -> 0 | S34: =R34*S$10 -> 0 | U34: =T34*U$10 -> 0
A35: 2.32 | B35: Sonstige Personalkosten | F35: =E35*F$10 -> 0 | H35: =G35*H$10 -> 0 | J35: =I35*J$10 -> 0 | L35: 2.23 | M35: Arbeitsfreistellung | Q35: =P35*Q$10 -> 0 | S35: =R35*S$10 -> 0 | U35: =T35*U$10 -> 0
B36: Zwischensumme der Positionen unter 2.30 | E36: =SUM(E34:E35) -> 0 | F36: =SUM(F34:F35) -> 0 | G36: =SUM(G34:G35) -> 0 | H36: =SUM(H34:H35) -> 0 | I36: =SUM(I34:I35) -> 0 | J36: =SUM(J34:J35) -> 0 | M36: Sozialversicherung auf Pos. 2.23 | Q36: =P36*Q$10 -> 0 | S36: =R36*S$10 -> 0 | U36: =T36*U$10 -> 0
B37: Summe lohngebundene Kosten (Σ 2.10-2.30) | E37: =SUM(E20,E32,E36) -> 0 | F37: =SUM(F20,F32,F36) -> 0 | G37: =SUM(G20,G32,G36) -> 0 | H37: =SUM(H20,H32,H36) -> 0 | I37: =SUM(I20,I32,I36) -> 0 | J37: =SUM(J20,J32,J36) -> 0 | L37: 2.24 | M37: Lohnfortzahlung im Krankheitsfall | Q37: =P37*Q$10 -> 0 | S37: =R37*S$10 -> 0 | U37: =T37*U$10 -> 0
A38: 3.00 | B38: Sonstige auftragsbezogene Kosten | M38: Sozialversicherung auf Pos. 2.24 | Q38: =P38*Q$10 -> 0 | S38: =R38*S$10 -> 0 | U38: =T38*U$10 -> 0
A39: 3.10 | B39: Löhne für Aufsichten / Vorarbeiter inkl. sozialer Folgekosten | F39: =E39*F$10 -> 0 | H39: =G39*H$10 -> 0 | J39: =I39*J$10 -> 0 | L39: 2.25 | M39: Zusätzliches Urlaubsgeld | Q39: =P39*Q$10 -> 0 | S39: =R39*S$10 -> 0 | U39: =T39*U$10 -> 0
A40: 3.20 | B40: Fahrtkostenzuschuss | F40: =E40*F$10 -> 0 | H40: =G40*H$10 -> 0 | J40: =I40*J$10 -> 0 | M40: Sozialversicherung auf Pos. 2.25 | Q40: =P40*Q$10 -> 0 | S40: =R40*S$10 -> 0 | U40: =T40*U$10 -> 0
A41: 3.30 | B41: Fertigungsmaterial, Maschinen und Geräte, Afa etc. | F41: =E41*F$10 -> 0 | H41: =G41*H$10 -> 0 | J41: =I41*J$10 -> 0 | M41: Zwischensumme Soziallöhne inkl. SV-Beiträge auf Soziallöhne | P41: =SUM(P31:P40) -> 0 | Q41: =SUM(Q31:Q40) -> 0 | R41: =SUM(R31:R40) -> 0 | S41: =SUM(S31:S40) -> 0 | T41: =SUM(T31:T40) -> 0 | U41: =SUM(U31:U40) -> 0
A42: 3.40 | B42: Sondereinzelkosten | F42: =E42*F$10 -> 0 | H42: =G42*H$10 -> 0 | J42: =I42*J$10 -> 0 | L42: 2.30 | M42: Zusätzliche lohngebundene Kosten
B43: Summe sonstige auftragsbezogene Kosten (Σ 3.10-3.40) | E43: =SUM(E39:E42) -> 0 | F43: =SUM(F39:F42) -> 0 | G43: =SUM(G39:G42) -> 0 | H43: =SUM(H39:H42) -> 0 | I43: =SUM(I39:I42) -> 0 | J43: =SUM(J39:J42) -> 0 | L43: 2.31 | M43: Haftpflichtversicherung | Q43: =P43*Q$10 -> 0 | S43: =ROUND(R43*S$10,2) -> 0 | U43: =ROUND(T43*U$10,2) -> 0
A44: 4.00 | B44: Unternehmensbezogene Kosten | L44: 2.32 | M44: Sonstige Personalkosten | Q44: =P44*Q$10 -> 0 | S44: =ROUND(R44*S$10,2) -> 0 | U44: =ROUND(T44*U$10,2) -> 0
A45: 4.10 | B45: Gehälter | M45: Zwischensumme der Positionen unter 2.30 | P45: =SUM(P43:P44) -> 0 | Q45: =SUM(Q43:Q44) -> 0 | R45: =SUM(R43:R44) -> 0 | S45: =SUM(S43:S44) -> 0 | T45: =SUM(T43:T44) -> 0 | U45: =SUM(U43:U44) -> 0
A46: 4.11 | B46: Gehälter Technische Angestellte inkl. Lohnfolgekosten | F46: =E46*F$10 -> 0 | H46: =G46*H$10 -> 0 | J46: =I46*J$10 -> 0 | M46: Summe lohngebundene Kosten (Σ 2.10-2.30) | P46: =SUM(P29,P41,P45) -> 0 | Q46: =SUM(Q28,Q41,Q45) -> 0 | R46: =SUM(R29,R41,R45) -> 0 | S46: =SUM(S28,S41,S45) -> 0 | T46: =SUM(T29,T41,T45) -> 0 | U46: =SUM(U28,U41,U45) -> 0
A47: 4.12 | B47: Gehälter Kaufmännische Angestellte inkl. Lohnfolgekosten | F47: =E47*F$10 -> 0 | H47: =G47*H$10 -> 0 | J47: =I47*J$10 -> 0 | L47: 3.00 | M47: Sonstige auftragsbezogene Kosten
A48: 4.20 | B48: Fuhrparkkosten | F48: =E48*F$10 -> 0 | H48: =G48*H$10 -> 0 | J48: =I48*J$10 -> 0 | L48: 3.10 | M48: Löhne für Aufsichten / Vorarbeiter inkl. sozialer Folgekosten | Q48: =P48*Q$10 -> 0 | S48: =ROUND(R48*S$10,2) -> 0 | U48: =ROUND(T48*U$10,2) -> 0
A49: 4.30 | B49: Fertigungshilfskosten | L49: 3.20 | M49: Fahrtkostenzuschuss | Q49: =P49*Q$10 -> 0 | S49: =ROUND(R49*S$10,2) -> 0 | U49: =ROUND(T49*U$10,2) -> 0
A50: 4.31 | B50: Löhne Hilfsdienste inkl. Lohnfolgekosten | F50: =E50*F$10 -> 0 | H50: =G50*H$10 -> 0 | J50: =I50*J$10 -> 0 | L50: 3.30 | M50: Fertigungsmaterial, Maschinen und Geräte, Afa etc. | Q50: =P50*Q$10 -> 0 | S50: =ROUND(R50*S$10,2) -> 0 | U50: =ROUND(T50*U$10,2) -> 0
A51: 4.32 | B51: Sonstige Betriebskosten | F51: =E51*F$10 -> 0 | H51: =G51*H$10 -> 0 | J51: =I51*J$10 -> 0 | L51: 3.40 | M51: Sondereinzelkosten | Q51: =P51*Q$10 -> 0 | S51: =ROUND(R51*S$10,2) -> 0 | U51: =ROUND(T51*U$10,2) -> 0
A52: 4.40 | B52: Schwerbehindertenabgabe | F52: =E52*F$10 -> 0 | H52: =G52*H$10 -> 0 | J52: =I52*J$10 -> 0 | M52: Summe sonstige auftragsbezogene Kosten (Σ 3.10-3.40) | P52: =SUM(P48:P51) -> 0 | Q52: =SUM(Q48:Q51) -> 0 | R52: =SUM(R48:R51) -> 0 | S52: =SUM(S48:S51) -> 0 | T52: =SUM(T48:T51) -> 0 | U52: =SUM(U48:U51) -> 0
A53: 4.50 | B53: Sonstige Verwaltungskosten | F53: =E53*F$10 -> 0 | H53: =G53*H$10 -> 0 | J53: =I53*J$10 -> 0 | L53: 4.00 | M53: Unternehmensbezogene Kosten
A54: 4.60 | B54: Betriebsratskosten | F54: =E54*F$10 -> 0 | H54: =G54*H$10 -> 0 | J54: =I54*J$10 -> 0 | L54: 4.10 | M54: Gehälter
A55: 4.70 | B55: Sonstige Kosten (Verbandsbeiträge, Zertifizierung etc.) | F55: =E55*F$10 -> 0 | H55: =G55*H$10 -> 0 | J55: =I55*J$10 -> 0 | L55: 4.11 | M55: Gehälter Technische Angestellte inkl. Lohnfolgekosten | Q55: =P55*Q$10 -> 0 | S55: =R55*S$10 -> 0 | U55: =T55*U$10 -> 0
A56: 4.80 | B56: Vorfinanzierung Sozialversicherungsbeiträge | F56: =E56*F$10 -> 0 | H56: =G56*H$10 -> 0 | J56: =I56*J$10 -> 0 | L56: 4.12 | M56: Gehälter Kaufmännische Angestellte inkl. Lohnfolgekosten | Q56: =P56*Q$10 -> 0 | S56: =R56*S$10 -> 0 | U56: =T56*U$10 -> 0
B57: Summe unternehmensbezogene Kosten (Σ 4.10-4.80) | E57: =SUM(E46:E56) -> 0 | F57: =SUM(F46:F56) -> 0 | G57: =SUM(G46:G56) -> 0 | H57: =SUM(H46:H56) -> 0 | I57: =SUM(I46:I56) -> 0 | J57: =SUM(J46:J56) -> 0 | L57: 4.20 | M57: Fuhrparkkosten | Q57: =P57*Q$10 -> 0 | S57: =R57*S$10 -> 0 | U57: =T57*U$10 -> 0
A58: 5.00 | B58: Selbstkosten (Σ 1.00-4.80) | E58: =SUM(E10,E37,E43,E57) -> 1 | F58: =SUM(F10,F37,F43,F57) -> 0 | G58: =SUM(G10,G37,G43,G57) -> 1 | H58: =SUM(H10,H37,H43,H57) -> 0 | I58: =SUM(I10,I37,I43,I57) -> 1 | J58: =SUM(J10,J37,J43,J57) -> 0 | L58: 4.30 | M58: Fertigungshilfskosten
A59: 6.00 | B59: Gewerbesteuer auf die Selbstkosten | F59: =E59*F$58 -> 0 | H59: =G59*H$58 -> 0 | J59: =I59*J$58 -> 0 | L59: 4.31 | M59: Löhne Hilfsdienste inkl. Lohnfolgekosten | Q59: =P59*Q$10 -> 0 | S59: =R59*S$10 -> 0 | U59: =T59*U$10 -> 0
A60: 7.00 | B60: Wagnis- / Gewinnzuschlag auf die Selbstkosten | F60: =E60*F$58 -> 0 | H60: =G60*H$58 -> 0 | J60: =I60*J$58 -> 0 | L60: 4.32 | M60: Sonstige Betriebskosten | Q60: =P60*Q$10 -> 0 | S60: =R60*S$10 -> 0 | U60: =T60*U$10 -> 0
B61: Stundenverrechnungssatz in € = Summe (Σ 5.00-7.00) | F61: =SUM(F$58:F$60) -> 0 | H61: =SUM(H$58:H$60) -> 0 | J61: =SUM(J$58:J$60) -> 0 | L61: 4.40 | M61: Schwerbehindertenabgabe | Q61: =P61*Q$10 -> 0 | S61: =R61*S$10 -> 0 | U61: =T61*U$10 -> 0
B62: Aufschlag auf den produktiven Stundenlohn in % | E62: =IF(AND(F$61<>0,F$10<>""),IF(F$61/F$10-1>0,F$61/F$10-1,0),0) -> 0 | G62: =IF(AND(H$61<>0,H$10<>""),IF(H$61/H$10-1>0,H$61/H$10-1,0),0) -> 0 | I62: =IF(AND(J$61<>0,J$10<>""),IF(J$61/J$10-1>0,J$61/J$10-1,0),0) -> 0 | L62: 4.50 | M62: Sonstige Verwaltungskosten | Q62: =P62*Q$10 -> 0 | S62: =R62*S$10 -> 0 | U62: =T62*U$10 -> 0
B63: Lohnkostenanteil am STVS in % (Σ 1.00, 2.10-2.30, 3.10, 4.11, 4.12, 4.31)/STVS | E63: =IF(E62<>0,SUM(E10,E37,E39,E46,E47,E50)/(E62+1),0) -> 0 | G63: =IF(G62<>0,SUM(G10,G37,G39,G46,G47,G50)/(G62+1),0) -> 0 | I63: =IF(I62<>0,SUM(I10,I37,I39,I46,I47,I50)/(I62+1),0) -> 0 | L63: 4.60 | M63: Betriebsratskosten | Q63: =P63*Q$10 -> 0 | S63: =R63*S$10 -> 0 | U63: =T63*U$10 -> 0
A64: 8.00 | B64: Anteil Sozialversicherungsbeschäftigte / Midijobber / Minijobber Die Summe muss 100% betragen. | L64: 4.70 | M64: Sonstige Kosten (Verbandsbeiträge, Zertifizierung etc.) | Q64: =P64*Q$10 -> 0 | S64: =R64*S$10 -> 0 | U64: =T64*U$10 -> 0
A65: 9.00 | B65: Stundenverrechnungssatz für den Übertrag ins Preisblatt | E65: =IF(AND(E64+G64+I64=1,F61<>"",H61<>"",J61<>"",E64>=0,G64>=0,I64>=0),F61*E64+H61*G64+J61*I64,0) -> 0 | L65: 4.80 | M65: Vorfinanzierung Sozialversicherungsbeiträge | Q65: =P65*Q$10 -> 0 | S65: =R65*S$10 -> 0 | U65: =T65*U$10 -> 0
M66: Summe unternehmensbezogene Kosten (Σ 4.10-4.80) | P66: =SUM(P55:P65) -> 0 | Q66: =SUM(Q55:Q65) -> 0 | R66: =SUM(R55:R65) -> 0 | S66: =SUM(S55:S65) -> 0 | T66: =SUM(T55:T65) -> 0 | U66: =SUM(U55:U65) -> 0
L67: 5.00 | M67: Selbstkosten (Σ 1.00-4.80) | P67: =SUM(P10,P11,P46,P52,P66) -> 1 | Q67: =ROUND(SUM(Q10,Q11,Q46,Q52,Q66),2) -> 0 | R67: =SUM(R10,R11,R46,R52,R66) -> 1 | S67: =ROUND(SUM(S10,S11,S46,S52,S66),2) -> 0 | T67: =SUM(T10,T11,T46,T52,T66) -> 1 | U67: =ROUND(SUM(U10,U11,U46,U52,U66),2) -> 0
L68: 6.00 | M68: Gewerbesteuer auf die Selbstkosten | Q68: =P68*Q$67 -> 0 | S68: =R68*S$67 -> 0 | U68: =T68*U$67 -> 0
L69: 7.00 | M69: Wagnis- / Gewinnzuschlag auf die Selbstkosten | Q69: =P69*Q$67 -> 0 | S69: =R69*S$67 -> 0 | U69: =T69*U$67 -> 0
M70: Stundenverrechnungssatz in € = Summe (Σ 5.00-7.00) | Q70: =SUM(Q$67:Q$69) -> 0 | S70: =SUM(S$67:S$69) -> 0 | U70: =SUM(U$67:U$69) -> 0
M71: Aufschlag auf den produktiven Stundenlohn | P71: =IF(AND(Q$70<>0,Q$10<>""),IF(Q$70/Q$10-1>0,Q$70/Q$10-1,0),0) -> 0 | Q71: =Q70-Q10 -> 0 | R71: =IF(AND(S$70<>0,S$10<>""),IF(S$70/S$10-1>0,S$70/S$10-1,0),0) -> 0 | S71: =S70-S10 -> 0 | T71: =IF(AND(U$70<>0,U$10<>""),IF(U$70/U$10-1>0,U$70/U$10-1,0),0) -> 0 | U71: =U70-U10 -> 0
M72: Lohnkostenanteil am STVS in % (Σ 1.00, 2.10-2.30, 3.10, 4.11, 4.12, 4.31)/STVS | P72: =IF(Q70<>0,Q72/Q70,0) -> 0 | Q72: =SUM(Q10,Q11,Q46,Q48,Q55,Q56,Q59) -> 0 | R72: =IF(S70<>0,S72/S70,0) -> 0 | S72: =SUM(S10,S11,S46,S48,S55,S56,S59) -> 0 | T72: =IF(U70<>0,U72/U70,0) -> 0 | U72: =SUM(U10,U11,U46,U48,U55,U56,U59) -> 0
L73: 8.00 | M73: Anteil Sozialversicherungsbeschäftigte / Midijobber / Minijobber Die Summe muss 100% betragen.
L74: 9.00 | M74: Stundenverrechnungssatz für den Übertrag ins Preisblatt | P74: =IF(AND(P73+R73+T73=1,Q70<>"",S70<>"",U70<>"",P73>=0,R73>=0,T73>=0),Q70*P73+S70*R73+U70*T73,0) -> 0

Sheet Los 1.1 UR
A1: Kalkulation nach Einzelaufmaß | C1: UR | D1: Los: | E1: 1.1
A2: Liegenschaft: | C2: =Objektinformationen!B5 -> Mona Mare
A3: Produktivstunden Mindestvorgabe je Jahr: | C3: =Objektinformationen!F5 -> 6100
A4: Jahresreinigungsfläche in m²: | C4: =Q137 -> 806236.95
A5: Produktivstunden kalkuliert je Jahr: | C5: =S137 -> 0
A6: Produktivstunden kalkuliert je Monat: | C6: =C5/12 -> 0
A7: Gesamtpreis je Jahr: | C7: =W137 -> 0
A8: lfd. Nr. | B8: Objektbereich | C8: Etage | D8: Raum-Nr. | E8: Raumart | F8: Bodenbelag | G8: LV-Code | H8: Bodenfläche in m² | I8: Flächenleistung (m²/h) | J8: Wochenintervall | K8: Stundenverrechnungssatz (Werktag) | L8: Jahresintervall (Werktag) | M8: Stundenverrechnungssatz (Sonn- und Feiertag) | N8: Jahresintervall (Sonn- und Feiertag) | O8: Stundenverrechnungssatz (Hoher Feiertag) | P8: Jahresintervall (hoher Feiertag) | Q8: Jahresreinigungsfläche in m² | R8: Produktivstunden je Ausführung | S8: Produktivstunden je Jahr | T8: Preis je Reinigung (Werktag) | U8: Preis je Reinigung (Sonn- und Feiertag) | V8: Preis je Reinigung (hoher Feiertag) | W8: Preis je Jahr
A11: 1 | B11: Haupteingang | C11: EG | D11: 2.01 | E11: Windfang | F11: Fliese / Textil | G11: E | H11: 30.35 | J11: 7 | K11: ='Stundenverrechnungssätze UR'!$E$65 -> 0 | L11: 288.4 | M11: ='Stundenverrechnungssätze UR'!$AA$74 -> 0 | N11: 56.8 | O11: ='Stundenverrechnungssätze UR'!$AL$74 -> 0 | P11: 3 | Q11: =(L11+N11+P11)*H11 -> 10567.87 | R11: =H11/I11 -> #DIV/0! | S11: =(L11++N11+P11)*R11 -> #DIV/0! | T11: =R11*K11 -> #DIV/0! | U11: =R11*M11 -> #DIV/0! | V11: =R11*O11 -> #DIV/0! | W11: =(T11*L11)+(N11*U11)+(V11*P11) -> #DIV/0!
A12: 2 | B12: Haupteingang | C12: EG | D12: 2.02 | E12: Foyer | F12: Fliese | G12: E | H12: 297.6 | J12: 7 | K12: ='Stundenverrechnungssätze UR'!$E$65 -> 0 | L12: 288.4 | M12: ='Stundenverrechnungssätze UR'!$AA$74 -> 0 | N12: 56.8 | O12: ='Stundenverrechnungssätze UR'!$AL$74 -> 0 | P12: 3 | Q12: =(L12+N12+P12)*H12 -> 103624.32 | R12: =H12/I12 -> #DIV/0! | S12: =(L12++N12+P12)*R12 -> #DIV/0! | T12: =R12*K12 -> #DIV/0! | U12: =R12*M12 -> #DIV/0! | V12: =R12*O12 -> #DIV/0! | W12: =(T12*L12)+(N12*U12)+(V12*P12) -> #DIV/0!
A13: 3 | B13: Haupteingang | C13: EG | D13: 2.03 | E13: Kasse | F13: Fliese | G13: D | H13: 46.04
A14: 4 | B14: Haupteingang | C14: EG | D14: 2.04 | E14: Shop | F14: Fliese | G14: D | H14: 56.05
A15: 5 | B15: Haupteingang | C15: EG | D15: 2.05 | E15: Lager | F15: Fliese | G15: K | H15: 46.14
A16: 6 | B16: Haupteingang | C16: EG | D16: 2.06 | E16: PuMi | F16: Fliese | G16: P | H16: 5.13
A17: 7 | B17: Haupteingang | C17: EG | D17: 2.07 | E17: Teeküche | F17: Fliese | G17: I2 | H17: 6.66
A18: 8 | B18: Haupteingang | C18: EG | D18: 2.08 | E18: Backoffice | F18: Fliese | G18: C | H18: 12.03
A19: 9 | B19: Haupteingang | C19: EG | D19: 2.15 | E19: WC | F19: Fliese | G19: G | H19: 3.52 | J19: 7 | K19: ='Stundenverrechnungssätze UR'!$E$65 -> 0 | L19: 288.4 | M19: ='Stundenverrechnungssätze UR'!$AA$74 -> 0 | N19: 56.8 | O19: ='Stundenverrechnungssätze UR'!$AL$74 -> 0 | P19: 3 | Q19: =(L19+N19+P19)*H19 -> 1225.664 | R19: =H19/I19 -> #DIV/0! | S19: =(L19++N19+P19)*R19 -> #DIV/0! | T19: =R19*K19 -> #DIV/0! | U19: =R19*M19 -> #DIV/0! | V19: =R19*O19 -> #DIV/0! | W19: =(T19*L19)+(N19*U19)+(V19*P19) -> #DIV/0!
A20: 10 | B20: Haupteingang | C20: EG | D20: 2.16 | E20: WC Beh. | F20: Fliese | G20: G | H20: 9.88 | J20: 7 | K20: ='Stundenverrechnungssätze UR'!$E$65 -> 0 | L20: 288.4 | M20: ='Stundenverrechnungssätze UR'!$AA$74 -> 0 | N20: 56.8 | O20: ='Stundenverrechnungssätze UR'!$AL$74 -> 0 | P20: 3 | Q20: =(L20+N20+P20)*H20 -> 3440.216 | R20: =H20/I20 -> #DIV/0! | S20: =(L20++N20+P20)*R20 -> #DIV/0! | T20: =R20*K20 -> #DIV/0! | U20: =R20*M20 -> #DIV/0! | V20: =R20*O20 -> #DIV/0! | W20: =(T20*L20)+(N20*U20)+(V20*P20) -> #DIV/0!
A21: Zwischensummen Bereich 1 - Haupteingang | H21: =SUM(H11:H20) -> 513.4 | Q21: =SUM(Q11:Q20) -> 118858.07 | R21: =_xlfn.AGGREGATE(9, 6, R11:R20) -> 0 | S21: =_xlfn.AGGREGATE(9, 6, S11:S20) -> 0 | T21: =_xlfn.AGGREGATE(9, 6, T11:T20) -> 0 | U21: =_xlfn.AGGREGATE(9, 6, U11:U20) -> 0 | V21: =_xlfn.AGGREGATE(9, 6, V11:V20) -> 0 | W21: =_xlfn.AGGREGATE(9, 6, W11:W20) -> 0
A22: 11 | B22: Verwaltung | C22: EG | D22: 2.09 | E22: Archiv | F22: Fliese | G22: K | H22: 17.41
A23: 12 | B23: Verwaltung | C23: EG | D23: 2.10 | E23: Archiv | F23: Fliese | G23: K | H23: 6.57
A24: 13 | B24: Verwaltung | C24: EG | D24: 2.11 | E24: Büro 1 | F24: Fliese | G24: C | H24: 23.96
A25: 14 | B25: Verwaltung | C25: EG | D25: 2.12 | E25: Büro 2 | F25: Fliese | G25: C | H25: 21.44
A26: 15 | B26: Verwaltung | C26: EG | D26: 2.13 | E26: Technik | F26: Fliese | G26: M | H26: 2.01
A27: Zwischensummen Bereich 2 - Verwaltung | H27: =SUM(H22:H26) -> 71.39 | Q27: =SUM(Q22:Q26) -> 0 | R27: =_xlfn.AGGREGATE(9, 6, R22:R26) -> 0 | S27: =_xlfn.AGGREGATE(9, 6, S22:S26) -> 0 | T27: =_xlfn.AGGREGATE(9, 6, T22:T26) -> 0 | U27: =_xlfn.AGGREGATE(9, 6, U22:U26) -> 0 | V27: =_xlfn.AGGREGATE(9, 6, V22:V26) -> 0 | W27: =_xlfn.AGGREGATE(9, 6, W22:W26) -> 0
A28: 16 | B28: Einzelumkleiden | C28: EG | D28: 2.14 | E28: Frisieren | F28: Fliese | G28: G | H28: 35.93 | J28: 12 | K28: ='Stundenverrechnungssätze UR'!$E$65 -> 0 | L28: 494.4 | M28: ='Stundenverrechnungssätze UR'!$AA$74 -> 0 | N28: 56.8 | O28: ='Stundenverrechnungssätze UR'!$AL$74 -> 0 | P28: 3 | Q28: =(L28+N28+P28)*H28 -> 19912.406 | R28: =H28/I28 -> #DIV/0! | S28: =(L28++N28+P28)*R28 -> #DIV/0! | T28: =R28*K28 -> #DIV/0! | U28: =R28*M28 -> #DIV/0! | V28: =R28*O28 -> #DIV/0! | W28: =(T28*L28)+(N28*U28)+(V28*P28) -> #DIV/0!
A29: 17 | B29: Einzelumkleiden | C29: EG | D29: 2.37 | E29: Foyer 2 | F29: Fliese | G29: E | H29: 125.07 | J29: 12 | K29: ='Stundenverrechnungssätze UR'!$E$65 -> 0 | L29: 494.4 | M29: ='Stundenverrechnungssätze UR'!$AA$74 -> 0 | N29: 56.8 | O29: ='Stundenverrechnungssätze UR'!$AL$74 -> 0 | P29: 3 | Q29: =(L29+N29+P29)*H29 -> 69313.794 | R29: =H29/I29 -> #DIV/0! | S29: =(L29++N29+P29)*R29 -> #DIV/0! | T29: =R29*K29 -> #DIV/0! | U29: =R29*M29 -> #DIV/0! | V29: =R29*O29 -> #DIV/0! | W29: =(T29*L29)+(N29*U29)+(V29*P29) -> #DIV/0!
A30: 18 | B30: Einzelumkleiden | C30: EG | D30: 2.38 | E30: Einzelumkleiden | F30: Fliese | G30: G | H30: 190.7 | J30: 12 | K30: ='Stundenverrechnungssätze UR'!$E$65 -> 0 | L30: 494.4 | M30: ='Stundenverrechnungssätze UR'!$AA$74 -> 0 | N30: 56.8 | O30: ='Stundenverrechnungssätze UR'!$AL$74 -> 0 | P30: 3 | Q30: =(L30+N30+P30)*H30 -> 105685.94 | R30: =H30/I30 -> #DIV/0! | S30: =(L30++N30+P30)*R30 -> #DIV/0! | T30: =R30*K30 -> #DIV/0! | U30: =R30*M30 -> #DIV/0! | V30: =R30*O30 -> #DIV/0! | W30: =(T30*L30)+(N30*U30)+(V30*P30) -> #DIV/0!
A31: 19 | B31: Einzelumkleiden | C31: EG | D31: 2.35 | E31: Dusche Damen | F31: Fliese | G31: G | H31: 16.53 | J31: 12 | K31: ='Stundenverrechnungssätze UR'!$E$65 -> 0 | L31: 494.4 | M31: ='Stundenverrechnungssätze UR'!$AA$74 -> 0 | N31: 56.8 | O31: ='Stundenverrechnungssätze UR'!$AL$74 -> 0 | P31: 3 | Q31: =(L31+N31+P31)*H31 -> 9160.926 | R31: =H31/I31 -> #DIV/0! | S31: =(L31++N31+P31)*R31 -> #DIV/0! | T31: =R31*K31 -> #DIV/0! | U31: =R31*M31 -> #DIV/0! | V31: =R31*O31 -> #DIV/0! | W31: =(T31*L31)+(N31*U31)+(V31*P31) -> #DIV/0!
A32: 20 | B32: Einzelumkleiden | C32: EG | D32: 2.34 | E32: Dusche / WC Beh. | F32: Fliese | G32: G | H32: 16.15 | J32: 12 | K32: ='Stundenverrechnungssätze UR'!$E$65 -> 0 | L32: 494.4 | M32: ='Stundenverrechnungssätze UR'!$AA$74 -> 0 | N32: 56.8 | O32: ='Stundenverrechnungssätze UR'!$AL$74 -> 0 | P32: 3 | Q32: =(L32+N32+P32)*H32 -> 8950.33 | R32: =H32/I32 -> #DIV/0! | S32: =(L32++N32+P32)*R32 -> #DIV/0! | T32: =R32*K32 -> #DIV/0! | U32: =R32*M32 -> #DIV/0! | V32: =R32*O32 -> #DIV/0! | W32: =(T32*L32)+(N32*U32)+(V32*P32) -> #DIV/0!
A33: 21 | B33: Einzelumkleiden | C33: EG | D33: 2.33 | E33: PuMi | F33: Fliese | G33: P | H33: 1.93
A34: 22 | B34: Einzelumkleiden | C34: EG | D34: 2.32 | E34: Dusche H | F34: Fliese | G34: G | H34: 17.58 | J34: 12 | K34: ='Stundenverrechnungssätze UR'!$E$65 -> 0 | L34: 494.4 | M34: ='Stundenverrechnungssätze UR'!$AA$74 -> 0 | N34: 56.8 | O34: ='Stundenverrechnungssätze UR'!$AL$74 -> 0 | P34: 3 | Q34: =(L34+N34+P34)*H34 -> 9742.836 | R34: =H34/I34 -> #DIV/0! | S34: =(L34++N34+P34)*R34 -> #DIV/0! | T34: =R34*K34 -> #DIV/0! | U34: =R34*M34 -> #DIV/0! | V34: =R34*O34 -> #DIV/0! | W34: =(T34*L34)+(N34*U34)+(V34*P34) -> #DIV/0!
A35: Zwischensummen Bereich 3 - Einzelumkleiden | H35: =SUM(H28:H34) -> 403.89 | Q35: =SUM(Q28:Q34) -> 222766.23 | R35: =_xlfn.AGGREGATE(9, 6, R28:R34) -> 0 | S35: =_xlfn.AGGREGATE(9, 6, S28:S34) -> 0 | T35: =_xlfn.AGGREGATE(9, 6, T28:T34) -> 0 | U35: =_xlfn.AGGREGATE(9, 6, U28:U34) -> 0 | V35: =_xlfn.AGGREGATE(9, 6, V28:V34) -> 0 | W35: =_xlfn.AGGREGATE(9, 6, W28:W34) -> 0
A36: 23 | B36: Sammelumkleiden | C36: EG | D36: 2.47 | E36: Frisieren 2 | F36: Fliese | G36: G | H36: 59.5 | J36: 12 | K36: ='Stundenverrechnungssätze UR'!$E$65 -> 0 | L36: 494.4 | M36: ='Stundenverrechnungssätze UR'!$AA$74 -> 0 | N36: 56.8 | O36: ='Stundenverrechnungssätze UR'!$AL$74 -> 0 | P36: 3 | Q36: =(L36+N36+P36)*H36 -> 32974.9 | R36: =H36/I36 -> #DIV/0! | S36: =(L36++N36+P36)*R36 -> #DIV/0! | T36: =R36*K36 -> #DIV/0! | U36: =R36*M36 -> #DIV/0! | V36: =R36*O36 -> #DIV/0! | W36: =(T36*L36)+(N36*U36)+(V36*P36) -> #DIV/0!
A37: 24 | B37: Sammelumkleiden | C37: EG | D37: 2.48 | E37: Zugang Frisierbereich | F37: Fliese | G37: E | H37: 5.56 | J37: 12 | K37: ='Stundenverrechnungssätze UR'!$E$65 -> 0 | L37: 494.4 | M37: ='Stundenverrechnungssätze UR'!$AA$74 -> 0 | N37: 56.8 | O37: ='Stundenverrechnungssätze UR'!$AL$74 -> 0 | P37: 3 | Q37: =(L37+N37+P37)*H37 -> 3081.352 | R37: =H37/I37 -> #DIV/0! | S37: =(L37++N37+P37)*R37 -> #DIV/0! | T37: =R37*K37 -> #DIV/0! | U37: =R37*M37 -> #DIV/0! | V37: =R37*O37 -> #DIV/0! | W37: =(T37*L37)+(N37*U37)+(V37*P37) -> #DIV/0!
A38: 25 | B38: Sammelumkleiden | C38: EG | D38: 2.40 | E38: Familienumkleiden | F38: Fliese | G38: G | H38: 7.73 | J38: 12 | K38: ='Stundenverrechnungssätze UR'!$E$65 -> 0 | L38: 494.4 | M38: ='Stundenverrechnungssätze UR'!$AA$74 -> 0 | N38: 56.8 | O38: ='Stundenverrechnungssätze UR'!$AL$74 -> 0 | P38: 3 | Q38: =(L38+N38+P38)*H38 -> 4283.966 | R38: =H38/I38 -> #DIV/0! | S38: =(L38++N38+P38)*R38 -> #DIV/0! | T38: =R38*K38 -> #DIV/0! | U38: =R38*M38 -> #DIV/0! | V38: =R38*O38 -> #DIV/0! | W38: =(T38*L38)+(N38*U38)+(V38*P38) -> #DIV/0!
A39: 26 | B39: Sammelumkleiden | C39: EG | D39: 2.41 | E39: Sammelumkleide 1 | F39: Fliese | G39: G | H39: 2.41 | J39: 12 | K39: ='Stundenverrechnungssätze UR'!$E$65 -> 0 | L39: 494.4 | M39: ='Stundenverrechnungssätze UR'!$AA$74 -> 0 | N39: 56.8 | O39: ='Stundenverrechnungssätze UR'!$AL$74 -> 0 | P39: 3 | Q39: =(L39+N39+P39)*H39 -> 1335.622 | R39: =H39/I39 -> #DIV/0! | S39: =(L39++N39+P39)*R39 -> #DIV/0! | T39: =R39*K39 -> #DIV/0! | U39: =R39*M39 -> #DIV/0! | V39: =R39*O39 -> #DIV/0! | W39: =(T39*L39)+(N39*U39)+(V39*P39) -> #DIV/0!
A40: 27 | B40: Sammelumkleiden | C40: EG | D40: 2.42 | E40: PuMi | F40: Fliese | G40: P | H40: 3.53
A41: 28 | B41: Sammelumkleiden | C41: EG | D41: 2.50 | E41: Barfußgang 1 | F41: Fliese | G41: E | H41: 221.02 | J41: 12 | K41: ='Stundenverrechnungssätze UR'!$E$65 -> 0 | L41: 494.4 | M41: ='Stundenverrechnungssätze UR'!$AA$74 -> 0 | N41: 56.8 | O41: ='Stundenverrechnungssätze UR'!$AL$74 -> 0 | P41: 3 | Q41: =(L41+N41+P41)*H41 -> 122489.28 | R41: =H41/I41 -> #DIV/0! | S41: =(L41++N41+P41)*R41 -> #DIV/0! | T41: =R41*K41 -> #DIV/0! | U41: =R41*M41 -> #DIV/0! | V41: =R41*O41 -> #DIV/0! | W41: =(T41*L41)+(N41*U41)+(V41*P41) -> #DIV/0!
A42: 29 | B42: Sammelumkleiden | C42: EG | D42: 2.43 | E42: Sammelumkleide 2 | F42: Fliese | G42: G | H42: 27.92 | J42: 12 | K42: ='Stundenverrechnungssätze UR'!$E$65 -> 0 | L42: 494.4 | M42: ='Stundenverrechnungssätze UR'!$AA$74 -> 0 | N42: 56.8 | O42: ='Stundenverrechnungssätze UR'!$AL$74 -> 0 | P42: 3 | Q42: =(L42+N42+P42)*H42 -> 15473.264 | R42: =H42/I42 -> #DIV/0! | S42: =(L42++N42+P42)*R42 -> #DIV/0! | T42: =R42*K42 -> #DIV/0! | U42: =R42*M42 -> #DIV/0! | V42: =R42*O42 -> #DIV/0! | W42: =(T42*L42)+(N42*U42)+(V42*P42) -> #DIV/0!
A43: 30 | B43: Sammelumkleiden | C43: EG | D43: 2.44 | E43: Sammelumkleide 3 | F43: Fliese | G43: G | H43: 27.92 | J43: 12 | K43: ='Stundenverrechnungssätze UR'!$E$65 -> 0 | L43: 494.4 | M43: ='Stundenverrechnungssätze UR'!$AA$74 -> 0 | N43: 56.8 | O43: ='Stundenverrechnungssätze UR'!$AL$74 -> 0 | P43: 3 | Q43: =(L43+N43+P43)*H43 -> 15473.264 | R43: =H43/I43 -> #DIV/0! | S43: =(L43++N43+P43)*R43 -> #DIV/0! | T43: =R43*K43 -> #DIV/0! | U43: =R43*M43 -> #DIV/0! | V43: =R43*O43 -> #DIV/0! | W43: =(T43*L43)+(N43*U43)+(V43*P43) -> #DIV/0!
A44: 31 | B44: Sammelumkleiden | C44: EG | D44: 2.45 | E44: Sammelumkleide 4 | F44: Fliese | G44: G | H44: 28.06 | J44: 12 | K44: ='Stundenverrechnungssätze UR'!$E$65 -> 0 | L44: 494.4 | M44: ='Stundenverrechnungssätze UR'!$AA$74 -> 0 | N44: 56.8 | O44: ='Stundenverrechnungssätze UR'!$AL$74 -> 0 | P44: 3 | Q44: =(L44+N44+P44)*H44 -> 15550.852 | R44: =H44/I44 -> #DIV/0! | S44: =(L44++N44+P44)*R44 -> #DIV/0! | T44: =R44*K44 -> #DIV/0! | U44: =R44*M44 -> #DIV/0! | V44: =R44*O44 -> #DIV/0! | W44: =(T44*L44)+(N44*U44)+(V44*P44) -> #DIV/0!
A45: 32 | B45: Sammelumkleiden | C45: EG | D45: 2.46 | E45: Sammelumkleide 5 | F45: Fliese | G45: G | H45: 29.19 | J45: 12 | K45: ='Stundenverrechnungssätze UR'!$E$65 -> 0 | L45: 494.4 | M45: ='Stundenverrechnungssätze UR'!$AA$74 -> 0 | N45: 56.8 | O45: ='Stundenverrechnungssätze UR'!$AL$74 -> 0 | P45: 3 | Q45: =(L45+N45+P45)*H45 -> 16177.098 | R45: =H45/I45 -> #DIV/0! | S45: =(L45++N45+P45)*R45 -> #DIV/0! | T45: =R45*K45 -> #DIV/0! | U45: =R45*M45 -> #DIV/0! | V45: =R45*O45 -> #DIV/0! | W45: =(T45*L45)+(N45*U45)+(V45*P45) -> #DIV/0!
A46: 33 | B46: Sammelumkleiden | C46: EG | D46: 2.49 | E46: Sammelumkleide 6 | F46: Fliese | G46: G | H46: 9.69 | J46: 12 | K46: ='Stundenverrechnungssätze UR'!$E$65 -> 0 | L46: 494.4 | M46: ='Stundenverrechnungssätze UR'!$AA$74 -> 0 | N46: 56.8 | O46: ='Stundenverrechnungssätze UR'!$AL$74 -> 0 | P46: 3 | Q46: =(L46+N46+P46)*H46 -> 5370.198 | R46: =H46/I46 -> #DIV/0! | S46: =(L46++N46+P46)*R46 -> #DIV/0! | T46: =R46*K46 -> #DIV/0! | U46: =R46*M46 -> #DIV/0! | V46: =R46*O46 -> #DIV/0! | W46: =(T46*L46)+(N46*U46)+(V46*P46) -> #DIV/0!
A47: 34 | B47: Sammelumkleiden | C47: EG | D47: 2.51 | E47: Umkleide Beh. | F47: Fliese | G47: G | H47: 7.38 | J47: 12 | K47: ='Stundenverrechnungssätze UR'!$E$65 -> 0 | L47: 494.4 | M47: ='Stundenverrechnungssätze UR'!$AA$74 -> 0 | N47: 56.8 | O47: ='Stundenverrechnungssätze UR'!$AL$74 -> 0 | P47: 3 | Q47: =(L47+N47+P47)*H47 -> 4089.996 | R47: =H47/I47 -> #DIV/0! | S47: =(L47++N47+P47)*R47 -> #DIV/0! | T47: =R47*K47 -> #DIV/0! | U47: =R47*M47 -> #DIV/0! | V47: =R47*O47 -> #DIV/0! | W47: =(T47*L47)+(N47*U47)+(V47*P47) -> #DIV/0!
A48: 35 | B48: Sammelumkleiden | C48: EG | D48: 2.54 | E48: Zugang LB | F48: Fliese | G48: E | H48: 9.07 | J48: 12 | K48: ='Stundenverrechnungssätze UR'!$E$65 -> 0 | L48: 494.4 | M48: ='Stundenverrechnungssätze UR'!$AA$74 -> 0 | N48: 56.8 | O48: ='Stundenverrechnungssätze UR'!$AL$74 -> 0 | P48: 3 | Q48: =(L48+N48+P48)*H48 -> 5026.594 | R48: =H48/I48 -> #DIV/0! | S48: =(L48++N48+P48)*R48 -> #DIV/0! | T48: =R48*K48 -> #DIV/0! | U48: =R48*M48 -> #DIV/0! | V48: =R48*O48 -> #DIV/0! | W48: =(T48*L48)+(N48*U48)+(V48*P48) -> #DIV/0!
A49: 36 | B49: Sammelumkleiden | C49: EG | D49: 2.53 | E49: WC D1 | F49: Fliese | G49: G | H49: 7.53 | J49: 12 | K49: ='Stundenverrechnungssätze UR'!$E$65 -> 0 | L49: 494.4 | M49: ='Stundenverrechnungssätze UR'!$AA$74 -> 0 | N49: 56.8 | O49: ='Stundenverrechnungssätze UR'!$AL$74 -> 0 | P49: 3 | Q49: =(L49+N49+P49)*H49 -> 4173.126 | R49: =H49/I49 -> #DIV/0! | S49: =(L49++N49+P49)*R49 -> #DIV/0! | T49: =R49*K49 -> #DIV/0! | U49: =R49*M49 -> #DIV/0! | V49: =R49*O49 -> #DIV/0! | W49: =(T49*L49)+(N49*U49)+(V49*P49) -> #DIV/0!
A50: 37 | B50: Sammelumkleiden | C50: EG | D50: 2.52 | E50: WC H1 | F50: Fliese | G50: G | H50: 9.41 | J50: 12 | K50: ='Stundenverrechnungssätze UR'!$E$65 -> 0 | L50: 494.4 | M50: ='Stundenverrechnungssätze UR'!$AA$74 -> 0 | N50: 56.8 | O50: ='Stundenverrechnungssätze UR'!$AL$74 -> 0 | P50: 3 | Q50: =(L50+N50+P50)*H50 -> 5215.022 | R50: =H50/I50 -> #DIV/0! | S50: =(L50++N50+P50)*R50 -> #DIV/0! | T50: =R50*K50 -> #DIV/0! | U50: =R50*M50 -> #DIV/0! | V50: =R50*O50 -> #DIV/0! | W50: =(T50*L50)+(N50*U50)+(V50*P50) -> #DIV/0!
A51: 38 | B51: Sammelumkleiden | C51: EG | D51: 2.55 | E51: Dusche H1 | F51: Fliese | G51: G | H51: 19.4 | J51: 12 | K51: ='Stundenverrechnungssätze UR'!$E$65 -> 0 | L51: 494.4 | M51: ='Stundenverrechnungssätze UR'!$AA$74 -> 0 | N51: 56.8 | O51: ='Stundenverrechnungssätze UR'!$AL$74 -> 0 | P51: 3 | Q51: =(L51+N51+P51)*H51 -> 10751.48 | R51: =H51/I51 -> #DIV/0! | S51: =(L51++N51+P51)*R51 -> #DIV/0! | T51: =R51*K51 -> #DIV/0! | U51: =R51*M51 -> #DIV/0! | V51: =R51*O51 -> #DIV/0! | W51: =(T51*L51)+(N51*U51)+(V51*P51) -> #DIV/0!
A52: 39 | B52: Sammelumkleiden | C52: EG | D52: 2.56 | E52: Dusche D1 | F52: Fliese | G52: G | H52: 19.3 | J52: 12 | K52: ='Stundenverrechnungssätze UR'!$E$65 -> 0 | L52: 494.4 | M52: ='Stundenverrechnungssätze UR'!$AA$74 -> 0 | N52: 56.8 | O52: ='Stundenverrechnungssätze UR'!$AL$74 -> 0 | P52: 3 | Q52: =(L52+N52+P52)*H52 -> 10696.06 | R52: =H52/I52 -> #DIV/0! | S52: =(L52++N52+P52)*R52 -> #DIV/0! | T52: =R52*K52 -> #DIV/0! | U52: =R52*M52 -> #DIV/0! | V52: =R52*O52 -> #DIV/0! | W52: =(T52*L52)+(N52*U52)+(V52*P52) -> #DIV/0!
A53: 40 | B53: Sammelumkleiden | C53: EG | D53: 2.57 | E53: Umkleide 1 | F53: Fliese | G53: G | H53: 22.67 | J53: 12 | K53: ='Stundenverrechnungssätze UR'!$E$65 -> 0 | L53: 494.4 | M53: ='Stundenverrechnungssätze UR'!$AA$74 -> 0 | N53: 56.8 | O53: ='Stundenverrechnungssätze UR'!$AL$74 -> 0 | P53: 3 | Q53: =(L53+N53+P53)*H53 -> 12563.714 | R53: =H53/I53 -> #DIV/0! | S53: =(L53++N53+P53)*R53 -> #DIV/0! | T53: =R53*K53 -> #DIV/0! | U53: =R53*M53 -> #DIV/0! | V53: =R53*O53 -> #DIV/0! | W53: =(T53*L53)+(N53*U53)+(V53*P53) -> #DIV/0!
A54: 41 | B54: Sammelumkleiden | C54: EG | D54: 2.58 | E54: PuMi | F54: Fliese | G54: P | H54: 10
A55: 42 | B55: Sammelumkleiden | C55: EG | D55: 2.59 | E55: Dusche / WC Beh. | F55: Fliese | G55: G | H55: 16.2 | J55: 12 | K55: ='Stundenverrechnungssätze UR'!$E$65 -> 0 | L55: 494.4 | M55: ='Stundenverrechnungssätze UR'!$AA$74 -> 0 | N55: 56.8 | O55: ='Stundenverrechnungssätze UR'!$AL$74 -> 0 | P55: 3 | Q55: =(L55+N55+P55)*H55 -> 8978.04 | R55: =H55/I55 -> #DIV/0! | S55: =(L55++N55+P55)*R55 -> #DIV/0! | T55: =R55*K55 -> #DIV/0! | U55: =R55*M55 -> #DIV/0! | V55: =R55*O55 -> #DIV/0! | W55: =(T55*L55)+(N55*U55)+(V55*P55) -> #DIV/0!
A56: 43 | B56: Sammelumkleiden | C56: EG | D56: 2.60 | E56: Umkleide 2 | F56: Fliese | G56: G | H56: 22.49 | J56: 12 | K56: ='Stundenverrechnungssätze UR'!$E$65 -> 0 | L56: 494.4 | M56: ='Stundenverrechnungssätze UR'!$AA$74 -> 0 | N56: 56.8 | O56: ='Stundenverrechnungssätze UR'!$AL$74 -> 0 | P56: 3 | Q56: =(L56+N56+P56)*H56 -> 12463.958 | R56: =H56/I56 -> #DIV/0! | S56: =(L56++N56+P56)*R56 -> #DIV/0! | T56: =R56*K56 -> #DIV/0! | U56: =R56*M56 -> #DIV/0! | V56: =R56*O56 -> #DIV/0! | W56: =(T56*L56)+(N56*U56)+(V56*P56) -> #DIV/0!
A57: 44 | B57: Sammelumkleiden | C57: EG | D57: 2.61 | E57: WC H2 | F57: Fliese | G57: G | H57: 5.93 | J57: 12 | K57: ='Stundenverrechnungssätze UR'!$E$65 -> 0 | L57: 494.4 | M57: ='Stundenverrechnungssätze UR'!$AA$74 -> 0 | N57: 56.8 | O57: ='Stundenverrechnungssätze UR'!$AL$74 -> 0 | P57: 3 | Q57: =(L57+N57+P57)*H57 -> 3286.406 | R57: =H57/I57 -> #DIV/0! | S57: =(L57++N57+P57)*R57 -> #DIV/0! | T57: =R57*K57 -> #DIV/0! | U57: =R57*M57 -> #DIV/0! | V57: =R57*O57 -> #DIV/0! | W57: =(T57*L57)+(N57*U57)+(V57*P57) -> #DIV/0!
A58: 45 | B58: Sammelumkleiden | C58: EG | D58: 2.62 | E58: Dusche H2 | F58: Fliese | G58: G | H58: 25.92 | J58: 12 | K58: ='Stundenverrechnungssätze UR'!$E$65 -> 0 | L58: 494.4 | M58: ='Stundenverrechnungssätze UR'!$AA$74 -> 0 | N58: 56.8 | O58: ='Stundenverrechnungssätze UR'!$AL$74 -> 0 | P58: 3 | Q58: =(L58+N58+P58)*H58 -> 14364.864 | R58: =H58/I58 -> #DIV/0! | S58: =(L58++N58+P58)*R58 -> #DIV/0! | T58: =R58*K58 -> #DIV/0! | U58: =R58*M58 -> #DIV/0! | V58: =R58*O58 -> #DIV/0! | W58: =(T58*L58)+(N58*U58)+(V58*P58) -> #DIV/0!
A59: 46 | B59: Sammelumkleiden | C59: EG | D59: 2.63 | E59: Dusche D2 | F59: Fliese | G59: G | H59: 23.08 | J59: 12 | K59: ='Stundenverrechnungssätze UR'!$E$65 -> 0 | L59: 494.4 | M59: ='Stundenverrechnungssätze UR'!$AA$74 -> 0 | N59: 56.8 | O59: ='Stundenverrechnungssätze UR'!$AL$74 -> 0 | P59: 3 | Q59: =(L59+N59+P59)*H59 -> 12790.936 | R59: =H59/I59 -> #DIV/0! | S59: =(L59++N59+P59)*R59 -> #DIV/0! | T59: =R59*K59 -> #DIV/0! | U59: =R59*M59 -> #DIV/0! | V59: =R59*O59 -> #DIV/0! | W59: =(T59*L59)+(N59*U59)+(V59*P59) -> #DIV/0!
A60: 47 | B60: Sammelumkleiden | C60: EG | D60: 2.64 | E60: WC D2 | F60: Fliese | G60: G | H60: 7.34 | J60: 12 | K60: ='Stundenverrechnungssätze UR'!$E$65 -> 0 | L60: 494.4 | M60: ='Stundenverrechnungssätze UR'!$AA$74 -> 0 | N60: 56.8 | O60: ='Stundenverrechnungssätze UR'!$AL$74 -> 0 | P60: 3 | Q60: =(L60+N60+P60)*H60 -> 4067.828 | R60: =H60/I60 -> #DIV/0! | S60: =(L60++N60+P60)*R60 -> #DIV/0! | T60: =R60*K60 -> #DIV/0! | U60: =R60*M60 -> #DIV/0! | V60: =R60*O60 -> #DIV/0! | W60: =(T60*L60)+(N60*U60)+(V60*P60) -> #DIV/0!
A61: 48 | B61: Sammelumkleiden | C61: EG | D61: 2.65 | E61: Technik | F61: Fliese | G61: M | H61: 9.81
A62: Zwischensummen Bereich 4 Sammelumkleiden | H62: =SUM(H36:H61) -> 638.06 | Q62: =SUM(Q36:Q61) -> 340677.82 | R62: =_xlfn.AGGREGATE(9, 6, R36:R61) -> 0 | S62: =_xlfn.AGGREGATE(9, 6, S36:S61) -> 0 | T62: =_xlfn.AGGREGATE(9, 6, T36:T61) -> 0 | U62: =_xlfn.AGGREGATE(9, 6, U36:U61) -> 0 | V62: =_xlfn.AGGREGATE(9, 6, V36:V61) -> 0 | W62: =_xlfn.AGGREGATE(9, 6, W36:W61) -> 0
A63: 49 | B63: Kursbecken | C63: EG | D63: 2.79 | E63: Beckenumgang | F63: Fliese | G63: E | H63: 215.44
A64: 50 | B64: Kursbecken | C64: EG | D64: 2.80 | E64: Kursbecken | F64: Fliese | G64: G | H64: 135.72
A65: 51 | B65: Kursbecken | C65: EG | D65: 2.66 | E65: Sanitäter | F65: Fliese | G65: I2 | H65: 11.83
A66: 52 | B66: Kursbecken | C66: EG | D66: 2.67 | E66: Treppenhaus | F66: Fliese | G66: E | H66: 20.92
A67: 53 | B67: Kursbecken | C67: EG | D67: 2.68 | E67: Werkstatt | F67: Fliese | G67: W | H67: 12.28
A68: 54 | B68: Kursbecken | C68: EG | D68: 2.69 | E68: Geräte 1 | F68: Fliese | G68: K | H68: 31.29
A69: 55 | B69: Kursbecken | C69: EG | D69: 2.70 | E69: Geräte 2 | F69: Fliese | G69: K | H69: 25.74
A70: 56 | B70: Kursbecken | C70: EG | D70: 2.71 | E70: Flur | F70: Fliese | G70: E | H70: 8.66
A71: 57 | B71: Kursbecken | C71: EG | D71: 2.72 | E71: PuMi | F71: Fliese | G71: P | H71: 22.08
A72: Zwischensummen Bereich 5 - Kursbecken | H72: =SUM(H63:H71) -> 483.96 | Q72: =SUM(Q63:Q71) -> 0 | R72: =_xlfn.AGGREGATE(9, 6, R63:R71) -> 0 | S72: =_xlfn.AGGREGATE(9, 6, S63:S71) -> 0 | T72: =_xlfn.AGGREGATE(9, 6, T63:T71) -> 0 | U72: =_xlfn.AGGREGATE(9, 6, U63:U71) -> 0 | V72: =_xlfn.AGGREGATE(9, 6, V63:V71) -> 0 | W72: =_xlfn.AGGREGATE(9, 6, W63:W71) -> 0
A73: 58 | B73: Sportbecken | C73: EG | D73: 2.81 | E73: Beckenumgang | F73: Fliese | G73: E | H73: 332.77
A74: 59 | B74: Sportbecken | C74: EG | D74: 2.82 | E74: Sportbecken | F74: Fliese | G74: G | H74: 379.37
A75: Zwischensummen Bereich 6 - Sportbecken | H75: =SUM(H73:H74) -> 712.14 | Q75: =SUM(Q73:Q74) -> 0 | R75: =_xlfn.AGGREGATE(9, 6, R73:R74) -> 0 | S75: =_xlfn.AGGREGATE(9, 6, S73:S74) -> 0 | T75: =_xlfn.AGGREGATE(9, 6, T73:T74) -> 0 | U75: =_xlfn.AGGREGATE(9, 6, U73:U74) -> 0 | V75: =_xlfn.AGGREGATE(9, 6, V73:V74) -> 0 | W75: =_xlfn.AGGREGATE(9, 6, W73:W74) -> 0
A76: 60 | B76: Wellenbecken | C76: EG | D76: 2.75 | E76: Rutschenlandebahn | F76: Fliese | G76: E | H76: 102.04
A77: 61 | B77: Wellenbecken | C77: EG | D77: 2.73 | E77: TRH Rutsche | F77: Fliese | G77: E | H77: 34.45
A78: 62 | B78: Wellenbecken | C78: EG | D78: 2.74 | E78: Technik Inst. Schacht 2 | F78: Estrich | G78: M | H78: 17.31
A79: 63 | B79: Wellenbecken | C79: EG | D79: 2.78 | E79: Beckenumgang | F79: Fliese | G79: E | H79: 656.96
A80: 64 | B80: Wellenbecken | C80: EG | D80: 2.76 | E80: Speisen / Podest | F80: Fliese | G80: I1 | H80: 284.93
A81: 65 | B81: Wellenbecken | C81: EG | D81: 2.77 | E81: Wellenbecken | F81: Fliese | G81: G | H81: 372.25
A82: 66 | B82: Wellenbecken | C82: EG | D82: 2.84 | E82: Technik Lüftung | F82: Fliese | G82: M | H82: 5.59
A83: 67 | B83: Wellenbecken | C83: EG | D83: 2.85 | E83: WC Unisex | F83: Fliese | G83: G | H83: 4.41
A84: 68 | B84: Wellenbecken | C84: EG | D84: 2.86 | E84: Dusche WF | F84: Fliese | G84: G | H84: 2.84
A85: 69 | B85: Wellenbecken | C85: EG | D85: 2.87 | E85: Flur WF BF | F85: Fliese | G85: E | H85: 21.7
A86: 70 | B86: Wellenbecken | C86: EG | D86: 2.83 | E86: Schwimmmeister | F86: Fliese | G86: C | H86: 17.74
A87: 71 | B87: Wellenbecken | C87: EG | D87: 2.88 | E87: Treppe SM | F87: Fliese | G87: E | H87: 2.65
A88: Zwischensummen Bereich 7 - Wellenbecken | H88: =SUM(H76:H87) -> 1522.87 | Q88: =SUM(Q76:Q87) -> 0 | R88: =_xlfn.AGGREGATE(9, 6, R76:R87) -> 0 | S88: =_xlfn.AGGREGATE(9, 6, S76:S87) -> 0 | T88: =_xlfn.AGGREGATE(9, 6, T76:T87) -> 0 | U88: =_xlfn.AGGREGATE(9, 6, U76:U87) -> 0 | V88: =_xlfn.AGGREGATE(9, 6, V76:V87) -> 0 | W88: =_xlfn.AGGREGATE(9, 6, W76:W87) -> 0
A89: 72 | B89: Erlebnisbecken | C89: EG | D89: 2.31 | E89: Beckenumgang | F89: Fliese | G89: E | H89: 673.52
A90: 73 | B90: Erlebnisbecken | C90: EG | D90: 2.30 | E90: Erlebnisbecken | F90: Fliese | G90: G | H90: 247.62
A91: 74 | B91: Erlebnisbecken | C91: EG | D91: 2.33 | E91: PuMi | F91: Fliese | G91: P | H91: 1.93
A92: 75 | B92: Erlebnisbecken | C92: EG | D92: 2.29 | E92: Dusche | F92: Fliese | G92: G | H92: 20.78
A93: 76 | B93: Erlebnisbecken | C93: EG | D93: 2.28 | E93: Kinderplanschbecken | F93: Fliese | G93: G | H93: 78.64
A94: 77 | B94: Erlebnisbecken | C94: EG | D94: 2.26 | E94: Wickel | F94: Fliese | G94: G | H94: 4.44
A95: 78 | B95: Erlebnisbecken | C95: EG | D95: 2.27 | E95: WC | F95: Fliese | G95: G | H95: 2.16
A96: Zwischensummen Bereich 8 - Erlebnisbecken | H96: =SUM(H89:H95) -> 1029.09 | Q96: =SUM(Q89:Q95) -> 0 | R96: =_xlfn.AGGREGATE(9, 6, R89:R95) -> 0 | S96: =_xlfn.AGGREGATE(9, 6, S89:S95) -> 0 | T96: =_xlfn.AGGREGATE(9, 6, T89:T95) -> 0 | U96: =_xlfn.AGGREGATE(9, 6, U89:U95) -> 0 | V96: =_xlfn.AGGREGATE(9, 6, V89:V95) -> 0 | W96: =_xlfn.AGGREGATE(9, 6, W89:W95) -> 0
A97: 79 | B97: Gastronomie | C97: EG | D97: 2.22 | E97: Anlieferung / Flur | F97: Fliese | G97: E | H97: 32.01 | J97: 7 | K97: ='Stundenverrechnungssätze UR'!$E$65 -> 0 | L97: 288.4 | M97: ='Stundenverrechnungssätze UR'!$AA$74 -> 0 | N97: 56.8 | O97: ='Stundenverrechnungssätze UR'!$AL$74 -> 0 | P97: 3 | Q97: =(L97+N97+P97)*H97 -> 11145.882 | R97: =H97/I97 -> #DIV/0! | S97: =(L97++N97+P97)*R97 -> #DIV/0! | T97: =R97*K97 -> #DIV/0! | U97: =R97*M97 -> #DIV/0! | V97: =R97*O97 -> #DIV/0! | W97: =(T97*L97)+(N97*U97)+(V97*P97) -> #DIV/0!
A98: 80 | B98: Gastronomie | C98: EG | D98: 2.19 | E98: Lager Küche 1 | F98: Fliese | G98: K | H98: 26 | J98: 7 | K98: ='Stundenverrechnungssätze UR'!$E$65 -> 0 | L98: 288.4 | M98: ='Stundenverrechnungssätze UR'!$AA$74 -> 0 | N98: 56.8 | O98: ='Stundenverrechnungssätze UR'!$AL$74 -> 0 | P98: 3 | Q98: =(L98+N98+P98)*H98 -> 9053.2 | R98: =H98/I98 -> #DIV/0! | S98: =(L98++N98+P98)*R98 -> #DIV/0! | T98: =R98*K98 -> #DIV/0! | U98: =R98*M98 -> #DIV/0! | V98: =R98*O98 -> #DIV/0! | W98: =(T98*L98)+(N98*U98)+(V98*P98) -> #DIV/0!
A99: 81 | B99: Gastronomie | C99: EG | D99: 2.25 | E99: Küche | F99: Fliese | G99: J1 | H99: 39.37 | J99: 7 | K99: ='Stundenverrechnungssätze UR'!$E$65 -> 0 | L99: 288.4 | M99: ='Stundenverrechnungssätze UR'!$AA$74 -> 0 | N99: 56.8 | O99: ='Stundenverrechnungssätze UR'!$AL$74 -> 0 | P99: 3 | Q99: =(L99+N99+P99)*H99 -> 13708.634 | R99: =H99/I99 -> #DIV/0! | S99: =(L99++N99+P99)*R99 -> #DIV/0! | T99: =R99*K99 -> #DIV/0! | U99: =R99*M99 -> #DIV/0! | V99: =R99*O99 -> #DIV/0! | W99: =(T99*L99)+(N99*U99)+(V99*P99) -> #DIV/0!
A100: 82 | B100: Gastronomie | C100: EG | D100: 2.25 | E100: Spülküche | F100: Fliese | G100: J1 | H100: 15.76 | J100: 7 | K100: ='Stundenverrechnungssätze UR'!$E$65 -> 0 | L100: 288.4 | M100: ='Stundenverrechnungssätze UR'!$AA$74 -> 0 | N100: 56.8 | O100: ='Stundenverrechnungssätze UR'!$AL$74 -> 0 | P100: 3 | Q100: =(L100+N100+P100)*H100 -> 5487.632 | R100: =H100/I100 -> #DIV/0! | S100: =(L100++N100+P100)*R100 -> #DIV/0! | T100: =R100*K100 -> #DIV/0! | U100: =R100*M100 -> #DIV/0! | V100: =R100*O100 -> #DIV/0! | W100: =(T100*L100)+(N100*U100)+(V100*P100) -> #DIV/0!
A101: 83 | B101: Gastronomie | C101: EG | D101: 2.21 | E101: Lager / Flur | F101: Fliese | G101: E | H101: 9.98 | J101: 7 | K101: ='Stundenverrechnungssätze UR'!$E$65 -> 0 | L101: 288.4 | M101: ='Stundenverrechnungssätze UR'!$AA$74 -> 0 | N101: 56.8 | O101: ='Stundenverrechnungssätze UR'!$AL$74 -> 0 | P101: 3 | Q101: =(L101+N101+P101)*H101 -> 3475.036 | R101: =H101/I101 -> #DIV/0! | S101: =(L101++N101+P101)*R101 -> #DIV/0! | T101: =R101*K101 -> #DIV/0! | U101: =R101*M101 -> #DIV/0! | V101: =R101*O101 -> #DIV/0! | W101: =(T101*L101)+(N101*U101)+(V101*P101) -> #DIV/0!
A102: 84 | B102: Gastronomie | C102: EG | D102: 2.20 | E102: Lager Küche 2 | F102: Fliese | G102: K | H102: 7.54 | J102: 7 | K102: ='Stundenverrechnungssätze UR'!$E$65 -> 0 | L102: 288.4 | M102: ='Stundenverrechnungssätze UR'!$AA$74 -> 0 | N102: 56.8 | O102: ='Stundenverrechnungssätze UR'!$AL$74 -> 0 | P102: 3 | Q102: =(L102+N102+P102)*H102 -> 2625.428 | R102: =H102/I102 -> #DIV/0! | S102: =(L102++N102+P102)*R102 -> #DIV/0! | T102: =R102*K102 -> #DIV/0! | U102: =R102*M102 -> #DIV/0! | V102: =R102*O102 -> #DIV/0! | W102: =(T102*L102)+(N102*U102)+(V102*P102) -> #DIV/0!
...

Sheet Los 1.2 VR
D1: Vertretungsreinigung | F1: VR | L1: Jahreswerte Vertretungsstunden 2027 | O1: Jahreswerte Vertretungsstunden 2028 | R1: Jahreswerte Vertretungsstunden 2029 | U1: Jahreswerte Vertretungsstunden 2030 | X1: Jahreswerte Vertretungsstunden 2031
A3: Position | B3: Art der Leistung | I3: Information | M3: Wert | N3: Einheit | P3: Wert | Q3: Einheit | S3: Wert | T3: Einheit | V3: Wert | W3: Einheit | Y3: Wert | Z3: Einheit
B4: Vertretung Unterhaltsreinigung im Stundenverrechnungssatz
A5: 1 | B5: Stundenverrechnungssatz für Vertretungen im Rahmen der Unterhaltsreinigung | I5: MO-SA 05:00 - 22:00 Uhr | L5: 100 | M5: ='Stundenverrechnungssätze VR'!$E$65 -> 0 | N5: Stunde | O5: 100 | P5: ='Stundenverrechnungssätze VR'!$E$65 -> 0 | Q5: Stunde | R5: 100 | S5: ='Stundenverrechnungssätze VR'!$E$65 -> 0 | T5: Stunde | U5: 100 | V5: ='Stundenverrechnungssätze VR'!$E$65 -> 0 | W5: Stunde | X5: 100 | Y5: ='Stundenverrechnungssätze VR'!$E$65 -> 0 | Z5: Stunde
A6: 2 | B6: Stundenverrechnungssatz für Vertretungen im Rahmen der Unterhaltsreinigung | I6: Sonntag / Feiertag | L6: 150 | M6: ='Stundenverrechnungssätze VR'!$P$74 -> 0 | N6: Stunde | O6: 150 | P6: ='Stundenverrechnungssätze VR'!$P$74 -> 0 | Q6: Stunde | R6: 150 | S6: ='Stundenverrechnungssätze VR'!$P$74 -> 0 | T6: Stunde | U6: 150 | V6: ='Stundenverrechnungssätze VR'!$P$74 -> 0 | W6: Stunde | X6: 150 | Y6: ='Stundenverrechnungssätze VR'!$P$74 -> 0 | Z6: Stunde
I7: Gesamtpreis je Jahr | M7: =(L5*M5)+(L6*M6) -> 0 | P7: =(O5*P5)+(O6*P6) -> 0 | S7: =(R5*S5)+(R6*S6) -> 0 | V7: =(V5*U5)+(U6*V6) -> 0 | Y7: =(X5*Y5)+(X6*Y6) -> 0
I8: Angebotspreis | Q8: =M7+P7+S7+V7+Y7 -> 0

Sheet Leistungen auf Abruf
A1: Einzutragen sind Angebotspreise für Leistungen auf Abruf. Die Angebotswerte verstehen sich je Einheit ohne Umsatzsteuer
A2: inkl. Material- und Gerätekosten wenn nicht anderslautend beschrieben. Kosten für An- und Abfahren sind ebenfalls einzurechnen.
A3: Position | B3: Art der Leistung | I3: Information | L3: Wert | M3: Einheit
B4: Leistungen im Stundenverrechnungssatz
A5: 1 | B5: Stundenverrechnungssatz für Sonderleistungen im Rahmen der Unterhaltsreinigung | I5: MO-SA 05:00 - 22:00 Uhr | M5: SVS
A6: 2 | B6: Stundenverrechnungssatz für Sonderleistungen im Rahmen der Unterhaltsreinigung | I6: MO-SA 22:00 - 05:00 Uhr | M6: SVS
A7: 3 | B7: Stundenverrechnungssatz für Sonderleistungen im Rahmen der Unterhaltsreinigung | I7: Sonntag, Feiertag | M7: SVS
A8: 4 | B8: Stundenverrechnungssatz für Sonderleistungen im Rahmen der Unterhaltsreinigung | I8: Hoher Feiertag | M8: SVS
A9: 5 | B9: Stundenverrechnungssatz für Sonderleistungen im Rahmen von Bauschlussreinigungen | I9: MO-SA 05:00 - 22:00 Uhr | M9: SVS
A10: 6 | B10: Stundenverrechnungssatz für Sonderleistungen im Rahmen von Bauschlussreinigungen | I10: MO-SA 22:00 - 05:00 Uhr | M10: SVS
A11: 7 | B11: Stundenverrechnungssatz für Sonderleistungen im Rahmen von Bauschlussreinigungen | I11: Sonntag, Feiertag | M11: SVS
A12: 8 | B12: Stundenverrechnungssatz für Sonderleistungen im Rahmen von Bauschlussreinigungen | I12: Hoher Feiertag | M12: SVS
B13: Grundreinigung gemäß Leistungsverzeichnis
A14: 9 | B14: Quadratmeterpreis für die Grundreinigung von Fliesenbodenflächen | I14: unter 100 Quadratmeter | M14: je m2
A15: 10 | B15: Quadratmeterpreis für die Grundreinigung von Fliesenbodenflächen | I15: über 100 Quadratmeter | M15: je m2
A16: 11 | B16: Quadratmeterpreis für die Grundreinigung von Fliesenwandflächen | I16: unter 100 Quadratmeter | M16: je m2
A17: 12 | B17: Quadratmeterpreis für die Grundreinigung von Fliesenwandflächen | I17: über 100 Quadratmeter | M17: je m2
